 Dungeon Crawl Stone Soup version 0.30.0 (webtiles) character file.

Game seed: 4266963373097845927

4155500 senlim the Invulnerable (level 27, 254/254 HPs)
             Began as a Gnoll Wanderer on May 30, 2023.
             Was the Champion of Cheibriados.
             Escaped with the Orb
             ... and 8 runes on May 31, 2023!
             The game lasted 08:46:39 (134001 turns).

senlim the Invulnerable (Gnoll Wanderer)          Turns: 134001, Time: 08:46:40

Health: 254/254    AC: 39    Str: 36    XL:     27
Magic:  47/47      EV: 44    Int: 43    God:    Cheibriados [******]
Gold:   6966       SH: 23    Dex: 38    Spells: 6/76 levels left

rFire   + + .        b - staff of cold "Amast" {rF+ rC+ Dex+3 SInv}
rCold   + + .        J - +2 kite shield {reflect}
rNeg    + . .        M - +7 swamp dragon scales
rPois   +            A - +2 helmet {Int+3}
rElec   +            G - +2 cloak {Will+}
rCorr   +            I - +2 pair of gloves of the Sun {rN+ Int+3 Dex-3}
SInv    +            U - +2 pair of boots
Will    +++++        d - amulet "Xieto" {Will++ Regen+ rCorr Int-2}
Stlth   +++          P - ring of the Hairy Mango {*Corrode Fly Str+10 Dex+6 Slay-4}
HPRegen 1.42/turn    n - ring "Gaiprid" {rElec rF+ rC+ rCorr Dex+3}
MPRegen 0.30/turn

%: corrode self (3%), reflection, clarity
@: flying, studying 4 skills, very slow
A: fangs 1, strong nose, distributed training, clarity, low MP 1, mutation
resistance 1, robust 1
0: Orb of Zot
}: 8/15 runes: barnacled, slimy, silver, abyssal, demonic, glowing, magical,
gossamer
a: Renounce Religion, Bend Time, Temporal Distortion, Slouch, Step From Time


You escaped.
You worshipped Cheibriados.
Cheibriados was exalted by your worship.
You visited 12 branches of the dungeon, and saw 56 of its levels.
You visited Pandemonium 1 time, and saw 15 of its levels.
You visited the Abyss 2 times.
You visited 1 bazaar.
You also visited: Trove, Ossuary, Ice Cave and Wizlab.

You collected 10732 gold pieces.
You spent 3766 gold pieces at shops.

Inventory:

Hand Weapons
 a - a +9 demon trident of flaming
Armour
 l - a +2 helmet of see invisible
 q - a +2 pair of gloves of strength
 A - a +2 helmet of intelligence (worn)
 G - a +2 cloak of willpower (worn)
 I - the +2 pair of gloves of the Sun (worn) {rN+ Int+3 Dex-3}
   (You found it on level 3 of the Elven Halls)

   Int:       It affects your intelligence (+3).
   Dex:       It affects your dexterity (-3).
   rN:        It protects you from negative energy.
 J - a +2 kite shield of reflection (worn)
 M - +7 swamp dragon scales (worn)
 U - a +2 pair of boots (worn)
 Z - a +4 plate armour of cold resistance
Magical Staves
 b - the staff of cold "Amast" (weapon) {rF+ rC+ Dex+3 SInv}
   (You found it on level 3 of the Crypt)

   [staff of cold]

   Base accuracy: +5 Base damage: 5 Base attack delay: 1.2 This weapon's minimum
   attack delay (0.6) is reached at skill level 12.
   Dex:       It affects your dexterity (+3).
   rF:        It protects you from fire.
   rC:        It protects you from cold.
   SInv:      It lets you see invisible.
   It falls into the 'Staves' category.
   It is a one-handed weapon.
Jewellery
 d - the amulet "Xieto" (around neck) {Will++ Regen+ rCorr Int-2}
   (You acquired it on level 4 of the Depths)

   [amulet of regeneration]

   Int:       It affects your intelligence (-2).
   Regen:     It increases your rate of health regeneration.
   rCorr:     It protects you from acid and corrosion.
   Will:      It greatly increases your willpower.
 f - the ring of Dolauze {rPois rC+ AC+4 Dex+2 Slay+2}
   (You found it in Pandemonium)

   [ring of protection]

   AC:        It affects your AC (+4).
   Dex:       It affects your dexterity (+2).
   Slay:      It affects your accuracy & damage with ranged weapons and melee
   (+2).
   rC:        It protects you from cold.
   rPois:     It protects you from poison.
 n - the ring "Gaiprid" (right hand) {rElec rF+ rC+ rCorr Dex+3}
   (You took it off a deep elf death mage on level 3 of the Elven Halls)

   [ring of protection from cold]

   Dex:       It affects your dexterity (+3).
   rF:        It protects you from fire.
   rC:        It protects you from cold.
   rElec:     It insulates you from electricity.
   rCorr:     It protects you from acid and corrosion.
 P - the ring of the Hairy Mango (left hand) {*Corrode Fly Str+10 Dex+6 Slay-4}
   (You acquired it on level 1 of the Lair of Beasts)

   [ring of dexterity]

   Str:       It affects your strength (+10).
   Dex:       It affects your dexterity (+6).
   Slay:      It affects your accuracy & damage with ranged weapons and melee
   (-4).
   Fly:       It grants you flight.
   *Corrode:  It may corrode you when you take damage.
Wands
 o - a wand of mindburst (26)
 x - a wand of polymorph (8)
 F - a wand of roots (107)
 K - a wand of paralysis (50)
 V - a wand of light (44)
 W - a wand of digging (24)
Scrolls
 g - 13 scrolls of fog
 j - 4 scrolls of summoning
 s - 15 scrolls of immolation
 v - 8 scrolls of poison
 z - a scroll of amnesia
 B - 18 scrolls of vulnerability
 L - 5 scrolls of teleportation
 O - 4 scrolls of blinking
 S - 10 scrolls of fear
Potions
 c - 14 potions of attraction
 e - 8 potions of berserk rage
 h - 5 potions of resistance
 k - 7 potions of heal wounds
 m - 20 potions of mutation
 p - 24 potions of curing
 r - 11 potions of ambrosia
 t - 12 potions of lignification
 u - 5 potions of invisibility
 C - 4 potions of magic
 E - 7 potions of brilliance
 H - 8 potions of cancellation
 T - 15 potions of might
Miscellaneous
 i - a lightning rod (4/4)
 N - a phial of floods
 X - a phantom mirror


   Skills:
 + Level 22.2 Fighting
 + Level 22.2 Short Blades
 + Level 22.2 Long Blades
 + Level 22.2 Axes
 + Level 24.9 Maces & Flails
 + Level 22.2 Polearms
 + Level 22.2 Staves
 + Level 22.2 Ranged Weapons
 + Level 22.2 Throwing
 O Level 27 Armour
 + Level 23.4 Dodging
 + Level 22.2 Stealth
 + Level 22.2 Shields
 + Level 22.2 Unarmed Combat
 + Level 25.3 Spellcasting
 + Level 19.0 Conjurations
 + Level 24.0 Hexes
 + Level 22.0 Summonings
 + Level 19.0 Necromancy
 + Level 19.0 Translocations
 + Level 19.7 Transmutations
 + Level 19.0 Fire Magic
 + Level 19.0 Ice Magic
 + Level 19.0 Air Magic
 + Level 19.0 Earth Magic
 + Level 22.4 Poison Magic
 + Level 24.0 Invocations
 + Level 22.2 Evocations


You had 6 spell levels left.
You knew the following spells:

 Your Spells              Type           Power      Damage    Failure   Level
a - Ignite Poison         Fire/Tmut/Pois 100%       N/A       0%          3
b - Poisonous Vapours     Pois/Air       100%       N/A       0%          2
c - Dispersal             Tloc           60%        N/A       1%          6
d - Vhi's Electric Charg  Tloc/Air       100%       N/A       0%          3
e - Passwall              Tmut/Erth      100%       N/A       0%          2
f - Necromutation         Tmut/Necr      60%        N/A       1%          8
g - Ignition              Fire           60%        3d16      1%          8
h - Apportation           Tloc           100%       N/A       0%          1
i - Iron Shot             Conj/Erth      60%        9d11      1%          6
j - Borgnjor's Vile Clut  Necr/Erth      60%        N/A       0%          5
k - Dispel Undead         Necr           100%       3d31      0%          4
l - Blink                 Tloc           100%       N/A       0%          2
m - Spellforged Servitor  Conj/Summ      62%        N/A       1%          7
n - Sublimation of Blood  Necr           100%       N/A       0%          2
o - Haunt                 Necr/Summ      62%        N/A       1%          7
p - Passage of Golubria   Tloc           100%       N/A       0%          4

Your spell library contained the following spells:

 Spells                   Type           Power      Damage    Failure   Level
 Beastly Appendage        Tmut           100%       N/A       0%          1
 Foxfire                  Conj/Fire      100%       2x1d9     0%          1
 Freeze                   Ice            100%       1d10      0%          1
 Magic Dart               Conj           100%       1d8       0%          1
 Necrotise                Necr           100%       1d9       0%          1
 Sandblast                Erth           100%       2d20      0%          1
 Shock                    Conj/Air       100%       1d9       0%          1
 Sting                    Tmut/Pois      100%       1d8       0%          1
 Summon Small Mammal      Summ           100%       N/A       0%          1
 Call Imp                 Summ           100%       N/A       0%          2
 Cigotuvi's Dreadful Rot  Necr/Pois/Air  100%       N/A       0%          2
 Lesser Beckoning         Tloc           100%       N/A       0%          2
 Momentum Strike          Conj/Tloc      100%       3d10      0%          2
 Scorch                   Fire           100%       2d9       0%          2
 Searing Ray              Conj           100%       2d8       0%          2
 Wereblood                Tmut           100%       N/A       0%          2
 Call Canine Familiar     Summ           100%       N/A       0%          3
 Dazzling Flash           Conj/Hex       100%       N/A       0%          3
 Frozen Ramparts          Ice            100%       1d16      0%          3
 Gell's Gravitas          Tloc           100%       N/A       0%          3
 Hailstorm                Conj/Ice       100%       3d20      0%          3
 Inner Flame              Hex/Fire       100%       N/A       0%          3
 Mephitic Cloud           Conj/Pois/Air  100%       N/A       0%          3
 Ozocubu's Armour         Ice            100%       N/A       0%          3
 Portal Projectile        Hex/Tloc       100%       N/A       0%          3
 Spider Form              Tmut/Pois      100%       N/A       0%          3
 Stone Arrow              Conj/Erth      100%       3d13      0%          3
 Summon Guardian Golem    Hex/Summ       100%       N/A       0%          3
 Swiftness                Air            100%       N/A       0%          3
 Teleport Other           Tloc           100%       N/A       0%          3
 Tukima's Dance           Hex            100%       N/A       0%          3
 Vampiric Draining        Necr           100%       2d13      0%          3
 Volatile Blastmotes      Fire/Tloc      100%       2d18      0%          3
 Airstrike                Air            60%        2d(9-25)  0%          4
 Anguish                  Hex/Necr       63%        N/A       0%          4
 Animate Armour           Summ/Erth      100%       N/A       0%          4
 Animate Dead             Necr           100%       N/A       0%          4
 Cause Fear               Hex            65%        N/A       0%          4
 Flame Wave               Conj/Fire      100%       2d21      0%          4
 Fulminant Prism          Conj/Hex       63%        3d26      0%          4
 Ice Form                 Ice/Tmut       100%       N/A       0%          4
 Iskenderun's Mystic Bla  Conj/Tloc      100%       2d19      0%          4
 Leda's Liquefaction      Hex/Erth       63%        N/A       0%          4
 Manifold Assault         Tloc           100%       N/A       0%          4
 Olgreb's Toxic Radiance  Pois           100%       N/A       0%          4
 Petrify                  Tmut/Erth      100%       N/A       0%          4
 Sticky Flame             Conj/Fire      100%       2d11      0%          4
 Summon Ice Beast         Ice/Summ       100%       N/A       0%          4
 Summon Lightning Spire   Summ/Air       100%       N/A       0%          4
 Agony                    Necr           100%       N/A       0%          5
 Arcjolt                  Conj/Air       60%        1d70      0%          5
 Fireball                 Conj/Fire      60%        3d23      0%          5
 Freezing Cloud           Conj/Ice/Air   72%        6-21      0%          5
 Iskenderun's Battlesphe  Conj           100%       2d15      0%          5
 Lee's Rapid Deconstruct  Erth           60%        3d28*     0%          5
 Silence                  Hex/Air        63%        N/A       0%          5
 Summon Forest            Summ/Tloc      62%        N/A       0%          5
 Summon Mana Viper        Hex/Summ       100%       N/A       0%          5
 Yara's Violent Unravell  Hex/Tmut       63%        3d24      0%          5
 Eringya's Noxious Bog    Tmut/Pois      62%        N/A       0%          6
 Summon Cactus Giant      Summ           63%        N/A       0%          6
 Conjure Ball Lightning   Conj/Air       60%        3x3d22    1%          6
 Death Channel            Necr           60%        N/A       1%          6
 Plasma Beam              Fire/Air       60%        2x1d83    1%          6
 Starburst                Conj/Fire      60%        6d16      1%          6
 Statue Form              Tmut/Erth      80%        N/A       1%          6
 Dragon Form              Tmut           61%        N/A       1%          7
 Enfeeble                 Hex            65%        N/A       1%          7
 Malign Gateway           Summ/Tloc      62%        N/A       1%          7
 Monstrous Menagerie      Summ           63%        N/A       1%          7
 Orb of Destruction       Conj           60%        9d15      1%          7
 Ozocubu's Refrigeration  Ice            72%        4d23      1%          7
 Storm Form               Tmut/Air       60%        N/A       1%          7
 Summon Hydra             Summ           63%        N/A       1%          7
 Infestation              Necr           60%        N/A       1%          8
 Lehudib's Crystal Spear  Conj/Erth      60%        10d14     1%          8
 Maxwell's Capacitive Co  Air            60%        ∞         1%          8
 Dragon's Call            Summ           63%        N/A       4%          9
 Chain Lightning          Conj/Air       60%        3d80      16%         9
 Fire Storm               Conj/Fire      60%        8d15      16%         9
 Shatter                  Erth           60%        3d45*     16%         9


Dungeon Overview and Level Annotations

Branches:
Dungeon (15/15)            Temple (1/1) D:5            Lair (5/5) D:10
 Shoals (4/4) Lair:3       Spider (4/4) Lair:2        Slime (5/5) Lair:4
    Orc (2/2) D:12            Elf (3/3) Orc:2        Vaults (5/5) D:14
  Crypt (3/3) Vaults:2       Tomb (0/3) Crypt:3      Depths (4/4) D:15
    Zot (5/5) Depths:4    Ossuary (visited)           IceCv (visited)
 WizLab (visited)

Altars:
Ashenzari
Cheibriados
Dithmenos
Elyvilon
Fedhas
Gozag
Hepliaklqana
Kikubaaqudgha
Makhleb
Nemelex Xobeh
Okawaru
Qazlal
Ru
Sif Muna
Trog
Uskayaw
Vehumet
Wu Jian
Xom
Yredelemnul
Zin
The Shining One
Jiyva
Lugonu

Shops:
D:1 (   D:13 *   Orc:2 =(*[   Elf:1 *::   Elf:2 (([   Vaults:1 :   Vaults:3 (
Depths:1 [

Portals:
Hell: Depths:1 Depths:2 Depths:3 Depths:4
Abyss: Depths:1 Depths:2 Depths:3
Pandemonium: Depths:2 Depths:3 Depths:4
Ziggurat: Depths:1

Annotations:
Zot:2 2 transporters
Zot:4 exclusion: downstairs
Zot:5 exclusion: upstairs


Innate Abilities, Weirdness & Mutations

You have very sharp teeth.
Your uncanny sense of smell can sniff out nearby items.
Your experience applies equally to all skills.
You possess an exceptional clarity of mind.
Your magical capacity is low. (-10% MP)
You are somewhat resistant to further mutation.
You are robust. (+10% HP)


Message History

(D) Dungeon (T) Temple (L) Lair (A) Shoals (N) Spider Nest (M) Slime Pits (O) Orcish Mines (E) Elven Halls (V) Vaults (C) Crypt (W) Tomb (U) Depths (H) Hell (Z) Zot
Where to? (Enter - D:1 @ (x,y), ? - help)
What level of the Dungeon? (default 15, ? - help)
You see here +0 storm dragon scales.
There is an open door here.
There is an open door here.
There is a stone staircase leading up here.
You fly upwards.
Level annotation: exclusion: downstairs
There is a stone staircase leading down here.
You see here a +0 ring mail.
There is a stone staircase leading up here.
You fly upwards.
There is a stone staircase leading down here.
There is a stone staircase leading up here.
You fly upwards.
Level annotation: 2 transporters
There is a stone staircase leading down here.
You see here a +0 chain mail.
You see here a +0 scimitar.
The purple draconian roars!
The white draconian roars!
The storm dragon roars deafeningly!
You hear a deafening roar!
You hear a roar!
Things that are here:
a +0 rapier; a +0 cloak The Killer Klown shouts!
Things that are here:
a +0 dire flail; a +0 cloak You see here a +0 short sword of holy wrath.
The golden dragon roars deafeningly!
The moth of wrath's fur bristles in rage as it notices you.
You hear a roar!
You hear a deafening roar!
You hear a roar!
A red devil comes into view. It is wielding a +0 trident.
The red devil moves out of view.
You block the red devil's attack. x2
There is a stone staircase leading up here.
The iron shot hits the red devil!!!
You kill the red devil!
Cheibriados thoroughly appreciates the change of pace.
You fly upwards.
There is a stone staircase leading down here.
Unknown command.
(D) Dungeon (T) Temple (L) Lair (A) Shoals (N) Spider Nest (M) Slime Pits (O) Orcish Mines (E) Elven Halls (V) Vaults (C) Crypt (W) Tomb (U) Depths (H) Hell (Z) Zot
Where to? (Enter - D:1 @ (x,y), ? - help)
What level of the Dungeon? (default 15, ? - help)
There is a gate leading back out of this place here.
You fly up through the gate.
Welcome back to the Depths!
Magic restored.
There is a gate to the Realm of Zot here.
Items here: )))))) [[.
There is an open door, spattered with blood here.
You see here a +3 glaive.
There is an open door here.
A red devil comes into view.
It is wielding a +0 demon trident of freezing.
The iron shot hits the red devil!!!
You kill the red devil!
Cheibriados thoroughly appreciates the change of pace.
(D) Dungeon (T) Temple (L) Lair (A) Shoals (N) Spider Nest (M) Slime Pits (O) Orcish Mines (E) Elven Halls (V) Vaults (C) Crypt (W) Tomb (U) Depths (H) Hell (Z) Zot
Where to? (Enter - D:1 @ (x,y), ? - help)
What level of the Dungeon? (default 15, ? - help)
Things that are here:
a +0 buckler; a +0 spear
There is a stone staircase leading up, spattered with blood here.
You fly upwards.
There is a stone staircase leading down, spattered with blood here.
You see here +0 fire dragon scales.
Things that are here:
a +0 robe; a +0 dagger Magic restored.
A hellion comes into view.
The iron shot hits the hellion!!!
You kill the hellion!
Cheibriados appreciates the change of pace.
(D) Dungeon (T) Temple (L) Lair (A) Shoals (N) Spider Nest (M) Slime Pits (O) Orcish Mines (E) Elven Halls (V) Vaults (C) Crypt (W) Tomb (U) Depths (H) Hell (Z) Zot
Where to? (Enter - D:1 @ (x,y), ? - help)
What level of the Dungeon? (default 15, ? - help)
There is a stone staircase leading up here.
You fly upwards.
There is a stone staircase leading down here.
There is a stone staircase leading up here.
You fly upwards.
There is a stone staircase leading down here.
An Orb Guardian comes into view.
You can't see any susceptible monsters within range! (Use Z to cast anyway.)
The iron shot hits the Orb Guardian!!!
The Orb Guardian is almost dead.
You block the Orb Guardian's attack. The Orb Guardian hits you!
The iron shot hits the Orb Guardian!!!
You kill the Orb Guardian!
Cheibriados thoroughly appreciates the change of pace.
Your Summonings skill increases to level 22!
HP restored.
An angel comes into view. It is wielding a +3 whip of holy wrath.
You can't see any susceptible monsters within range! (Use Z to cast anyway.)
The iron shot hits the angel!!!
The angel is heavily wounded.
The iron shot hits the angel!!!
The angel is almost dead.
You block the angel's attack. x3; The angel hits you but does no damage.
Unknown command.
The iron shot hits the angel!!!
You kill the angel!
Cheibriados thoroughly appreciates the change of pace.
You feel your strength returning.
Casting: Iron Shot (safe; 1% risk of failure)
Confirm with . or Enter, or press ? or * to list all spells.
You draw magical energy from your own body!
Unknown command.
Casting: Sublimation of Blood (safe; 0% risk of failure)
Confirm with . or Enter, or press ? or * to list all spells.
You draw magical energy from your own body!
Unknown command.
(D) Dungeon (T) Temple (L) Lair (A) Shoals (N) Spider Nest (M) Slime Pits (O) Orcish Mines (E) Elven Halls (V) Vaults (C) Crypt (W) Tomb (U) Depths (H) Hell (Z) Zot
Where to? (Enter - Depths:1 @ (x,y), ? - help)
What level of the Dungeon? (default 15, ? - help)
There is a staircase back to the Dungeon, spattered with blood here.
You fly upwards.
Welcome back to the Dungeon!
There is a staircase to the Depths here.
Things that are here:
a +0 leather armour; a +1 dire flail; a +0 longbow
Things that are here:
a +0 leather armour; a +0 dire flail; a +4 scimitar of flaming An Orb Guardian comes into view.
The iron shot hits the Orb Guardian!!!
The Orb Guardian is heavily wounded.
The iron shot hits the Orb Guardian!!!
You kill the Orb Guardian!
Cheibriados thoroughly appreciates the change of pace.
Casting: Iron Shot (safe; 1% risk of failure)
Confirm with . or Enter, or press ? or * to list all spells.
You don't know that spell.
Unknown command.
(D) Dungeon (T) Temple (L) Lair (A) Shoals (N) Spider Nest (M) Slime Pits (O) Orcish Mines (E) Elven Halls (V) Vaults (C) Crypt (W) Tomb (U) Depths (H) Hell (Z) Zot
Where to? (Enter - D:1 @ (x,y), ? - help)
Okay, then.
A neqoxec comes into view.
There is a stone staircase leading up here.
Casting: Iron Shot (safe; 1% risk of failure)
Confirm with . or Enter, or press ? or * to list all spells.
You draw magical energy from your own body!
You fly upwards.
There is a stone staircase leading down here.
Unknown command.
(D) Dungeon (T) Temple (L) Lair (A) Shoals (N) Spider Nest (M) Slime Pits (O) Orcish Mines (E) Elven Halls (V) Vaults (C) Crypt (W) Tomb (U) Depths (H) Hell (Z) Zot
Where to? (Enter - D:15 @ (x,y), ? - help)
What level of the Dungeon? (default 1, ? - help) HP restored.
There is an open door here.
There is an open door here.
You see here a +0 arbalest.
A blizzard demon comes into view.
You can't see any susceptible monsters within range! (Use Z to cast anyway.)
A green death comes into view.
The iron shot hits the green death!!!
The green death is heavily wounded.
The iron shot hits the green death!!!
You kill the green death!
Cheibriados thoroughly appreciates the change of pace.
Unknown command.
The iron shot hits the blizzard demon!!!
The blizzard demon is heavily wounded.
The blizzard demon closely misses you. You block the blizzard demon's attack.
The iron shot hits the blizzard demon!!!
You kill the blizzard demon!
Cheibriados appreciates the change of pace.
(D) Dungeon (T) Temple (L) Lair (A) Shoals (N) Spider Nest (M) Slime Pits (O) Orcish Mines (E) Elven Halls (V) Vaults (C) Crypt (W) Tomb (U) Depths (H) Hell (Z) Zot
Where to? (Enter - D:1 @ (x,y), ? - help)
What level of the Dungeon? (default 1, ? - help)
You see here a +0 mace.
There is a stone staircase leading up here.
You fly upwards.
There is a stone staircase leading down here.
A sun demon comes into view.
The iron shot hits the sun demon!!!
You kill the sun demon!
Cheibriados thoroughly appreciates the change of pace.
You can't see any susceptible monsters within range! (Use Z to cast anyway.)
(D) Dungeon (T) Temple (L) Lair (A) Shoals (N) Spider Nest (M) Slime Pits (O) Orcish Mines (E) Elven Halls (V) Vaults (C) Crypt (W) Tomb (U) Depths (H) Hell (Z) Zot
Where to? (Enter - D:1 @ (x,y), ? - help)
What level of the Dungeon? (default 1, ? - help)
There is an open door here.
There is an open door here.
There is a stone staircase leading up here.
You fly upwards.
There is a stone staircase leading down here.
A Bupayph, a Brimstone Fiend and a rust devil come into view.
A large abomination comes into view.
There is a stone staircase leading down here.
You fly downwards.
There is a stone staircase leading up here.
Unknown command.
There is an open door here.
There is a stone staircase leading up here.
You fly upwards.
There is a stone staircase leading down here.
An Ice Fiend comes into view.
The iron shot hits the Ice Fiend!!!
The Ice Fiend is moderately wounded.
The Ice Fiend gestures at you. The bolt of cold misses you.
The iron shot hits the Ice Fiend!!!
The Ice Fiend is almost dead.
The iron shot hits the Ice Fiend!!!
You kill the Ice Fiend!
Cheibriados thoroughly appreciates the change of pace.
A smoke demon comes into view.
The iron shot hits the smoke demon!!!
You kill the smoke demon!
Cheibriados appreciates the change of pace.
Things that are here:
a +0 giant spiked club; a +0 dire flail A tormentor comes into view.
Unknown command.
Casting: Iron Shot (safe; 1% risk of failure)
Confirm with . or Enter, or press ? or * to list all spells.
Your body is suffused with negative energy!
Unknown command.
The iron shot misses the tormentor.
You block the tormentor's attack. The tormentor completely misses you.
The iron shot hits the tormentor!!!
You kill the tormentor!
Cheibriados thoroughly appreciates the change of pace.
There is a stone staircase leading up here.
You feel yourself come back to life.
Unknown command.
Casting: Iron Shot (safe; 1% risk of failure)
Confirm with . or Enter, or press ? or * to list all spells.
You draw magical energy from your own body!
Unknown command.
Casting: Sublimation of Blood (safe; 0% risk of failure)
Confirm with . or Enter, or press ? or * to list all spells.
You draw magical energy from your own body!
Unknown command.
You start resting.
HP restored.
You start resting.
Magic restored.
You fly upwards.
There is a stone staircase leading down here.
(D) Dungeon (T) Temple (L) Lair (A) Shoals (N) Spider Nest (M) Slime Pits (O) Orcish Mines (E) Elven Halls (V) Vaults (C) Crypt (W) Tomb (U) Depths (H) Hell (Z) Zot
Where to? (Enter - D:12 @ (x,y), ? - help)
What level of the Dungeon? (default 1, ? - help)
There is a stone staircase leading up, spattered with blood here.
You fly upwards.
There is a stone staircase leading down, spattered with blood here.
A hellwing comes into view.
A hellwing and 2 smoke demons come into view.
The smoke demon roars!
The iron shot misses the hellwing.
The hellwing swoops through the air toward you!
You block the hellwing's attack. The hellwing misses you.
The iron shot hits the hellwing!!!
You kill the hellwing!
Cheibriados thoroughly appreciates the change of pace.
The smoke demon gestures at you. Something smites you!
The smoke demon gestures at you. Something smites you!
Activating: Slouch (0% risk of failure)
Press: ? - help, Dir - look around, f - activate You can feel time thicken for a moment.
Unknown command.
Unknown command.
The hellwing swoops through the air toward you!
The hellwing completely misses you. You block the hellwing's attack.
The hellwing misses you. You block the hellwing's attack.
The iron shot hits the smoke demon!!!
You kill the smoke demon!
Cheibriados appreciates the change of pace.
You block the hellwing's attack. x2
The iron shot hits the smoke demon!!!
You kill the smoke demon!
Cheibriados appreciates the change of pace.
You block the hellwing's attack. x2
The iron shot hits the hellwing!!!
You kill the hellwing!
Cheibriados thoroughly appreciates the change of pace.
You can't see any susceptible monsters within range! (Use Z to cast anyway.)
A smoke demon comes into view.
There is a stone staircase leading up here.
You fly upwards.
There is a stone staircase leading down here.
Things that are here:
4 stones; a +0 dagger; a +0 short sword You see here a +0 whip.
There is a stone staircase leading up here.
Casting: Iron Shot (safe; 1% risk of failure)
Confirm with . or Enter, or press ? or * to list all spells.
You draw magical energy from your own body!
Unknown command.
There are no items here.
You start resting.
HP restored.
You fly upwards.
There is a stone staircase leading down here.
(D) Dungeon (T) Temple (L) Lair (A) Shoals (N) Spider Nest (M) Slime Pits (O) Orcish Mines (E) Elven Halls (V) Vaults (C) Crypt (W) Tomb (U) Depths (H) Hell (Z) Zot
Where to? (Enter - D:9 @ (x,y), ? - help)
What level of the Dungeon? (default 1, ? - help)
A chaos spawn comes into view.
You can't see any susceptible monsters within range! (Use Z to cast anyway.)
The iron shot hits the chaos spawn!!!
You kill the chaos spawn!
Cheibriados thoroughly appreciates the change of pace.
The chaos spawn degenerates into a cloud of primal chaos!
(D) Dungeon (T) Temple (L) Lair (A) Shoals (N) Spider Nest (M) Slime Pits (O) Orcish Mines (E) Elven Halls (V) Vaults (C) Crypt (W) Tomb (U) Depths (H) Hell (Z) Zot
Where to? (Enter - D:1 @ (x,y), ? - help)
What level of the Dungeon? (default 1, ? - help) Magic restored.
There is a stone staircase leading up here.
You fly upwards.
There is a stone staircase leading down here.
There is an escape hatch in the ceiling here.
You see here a +0 dagger.
There is a stone staircase leading up here.
You fly upwards.
There is a stone staircase leading down here.
A Brimstone Fiend comes into view.
You can't see any susceptible monsters within range! (Use Z to cast anyway.)
You can't see any susceptible monsters within range! (Use Z to cast anyway.)
The Brimstone Fiend gestures at you.
The sphere of damnation explodes!
The damnation engulfs you!!
The iron shot hits the Brimstone Fiend!!!
The Brimstone Fiend is severely wounded.
The iron shot hits the Brimstone Fiend!!!
You kill the Brimstone Fiend!
Cheibriados appreciates the change of pace.
(D) Dungeon (T) Temple (L) Lair (A) Shoals (N) Spider Nest (M) Slime Pits (O) Orcish Mines (E) Elven Halls (V) Vaults (C) Crypt (W) Tomb (U) Depths (H) Hell (Z) Zot
Where to? (Enter - D:1 @ (x,y), ? - help)
What level of the Dungeon? (default 1, ? - help)
A soul eater comes into view.
The iron shot hits the soul eater!!!
You kill the soul eater!
Cheibriados appreciates the change of pace.
(D) Dungeon (T) Temple (L) Lair (A) Shoals (N) Spider Nest (M) Slime Pits (O) Orcish Mines (E) Elven Halls (V) Vaults (C) Crypt (W) Tomb (U) Depths (H) Hell (Z) Zot
Where to? (Enter - D:1 @ (x,y), ? - help)
What level of the Dungeon? (default 1, ? - help)
There is an open door, spattered with blood here.
Items here: ))) [[[.
There is a stone staircase leading up here.
You fly upwards.
There is a stone staircase leading down here.
There is an escape hatch in the ceiling here.
A mysterious force pulls you upwards. The hatch slams shut behind you.
An Orb Guardian comes into view.
The iron shot hits the Orb Guardian!!!
The Orb Guardian is severely wounded.
The iron shot misses the Orb Guardian.
The iron shot hits the Orb Guardian!!!
You kill the Orb Guardian!
Cheibriados thoroughly appreciates the change of pace.
(D) Dungeon (T) Temple (L) Lair (A) Shoals (N) Spider Nest (M) Slime Pits (O) Orcish Mines (E) Elven Halls (V) Vaults (C) Crypt (W) Tomb (U) Depths (H) Hell (Z) Zot
Where to? (Enter - D:1 @ (x,y), ? - help)
What level of the Dungeon? (default 1, ? - help)
An Orb Guardian comes into view.
The iron shot hits the Orb Guardian!!!
The Orb Guardian is severely wounded.
The iron shot hits the Orb Guardian!!
You kill the Orb Guardian!
Cheibriados thoroughly appreciates the change of pace.
(D) Dungeon (T) Temple (L) Lair (A) Shoals (N) Spider Nest (M) Slime Pits (O) Orcish Mines (E) Elven Halls (V) Vaults (C) Crypt (W) Tomb (U) Depths (H) Hell (Z) Zot
Where to? (Enter - D:1 @ (x,y), ? - help)
What level of the Dungeon? (default 1, ? - help)
There is an escape hatch in the ceiling here.
A mysterious force pulls you upwards. The hatch slams shut behind you.
There is a stone staircase leading up here.
You fly upwards.
There is a stone staircase leading down here.
An Orb Guardian comes into view.
You can't see any susceptible monsters within range! (Use Z to cast anyway.)
You can't see any susceptible monsters within range! (Use Z to cast anyway.)
The iron shot hits the Orb Guardian!!!
The Orb Guardian is severely wounded.
The iron shot hits the Orb Guardian!!!
You kill the Orb Guardian!
Cheibriados thoroughly appreciates the change of pace.
Your Hexes skill increases to level 24!
There is a stone staircase leading up, spattered with blood here.
You fly upwards.
There is a stone staircase leading down, spattered with blood here.
You fly downwards.
There is a stone staircase leading up, spattered with blood here.
You start resting.
An Executioner comes into view.
Activating: Slouch (0% risk of failure)
Press: ? - help, Dir - look around, f - activate You can feel time thicken for a moment.
Unknown command.
The iron shot misses the Executioner.
The iron shot hits the Executioner!!!
You kill the Executioner!
Cheibriados thoroughly appreciates the change of pace.
Your Invocations skill increases to level 24!
You start resting.
Magic restored.
You fly upwards.
There is a stone staircase leading down, spattered with blood here.
(D) Dungeon (T) Temple (L) Lair (A) Shoals (N) Spider Nest (M) Slime Pits (O) Orcish Mines (E) Elven Halls (V) Vaults (C) Crypt (W) Tomb (U) Depths (H) Hell (Z) Zot
Where to? (Enter - D:2 @ (x,y), ? - help)
What level of the Dungeon? (default 1, ? - help) 4 hell hounds come into view.
A hell hound comes into view.
The hell hound moves out of view.
You block the hell hound's attack. The hell hound breathes flames at you.
The blast of flame hits the hell hound.
The hell hound completely resists.
The blast of flame misses you.
The hell hound barks!
The iron shot misses the hell hound.
The iron shot hits the hell hound!!!
You kill the hell hound!
Cheibriados thoroughly appreciates the change of pace.
The hell hound misses you. The hell hound breathes flames at you.
The blast of flame misses the hell hound.
The blast of flame hits the hell hound.
The hell hound completely resists.
The blast of flame hits you. You resist.
The iron shot hits the hell hound!!!
You kill the hell hound!
Cheibriados appreciates the change of pace.
The hell hound breathes flames at you. The blast of flame misses you.
The iron shot hits the hell hound!!!
You kill the hell hound!
Cheibriados appreciates the change of pace.
The hell hound breathes flames at you. The blast of flame misses you.
Unknown command.
The iron shot hits the hell hound!!!
You kill the hell hound!
Cheibriados thoroughly appreciates the change of pace.
The hell hound breathes flames at you. The blast of flame misses you.
The iron shot hits the hell hound!!!
You kill the hell hound!
Cheibriados thoroughly appreciates the change of pace.
You can't see any susceptible monsters within range! (Use Z to cast anyway.)
You can't see any susceptible monsters within range! (Use Z to cast anyway.) Unknown command.
You can't see any susceptible monsters within range! (Use Z to cast anyway.)
Press: ? - help, v - describe, . - travel The floor.
This square is covered in magical glow.
Casting: Iron Shot (safe; 1% risk of failure)
Confirm with . or Enter, or press ? or * to list all spells.
You draw magical energy from your own body!
You see here a hell hound corpse.
Things that are here:
a hell hound corpse; a hell hound corpse Magic restored.
HP restored.
There is a staircase leading out of the dungeon here.
There is a staircase leading out of the dungeon here.
You have escaped!

#.# #..# #.# #..# #.#
#..###.### #..#
###.#######..##....# #..#
.........##..##....# #..#
###.####.##..##....####..#
#.# #.##..##..........#
#.# #.##..............#
###.####.##........####..#
......##.##..##.@..# #..#
###.#.##.##..##....# #..#
###.#.##[.#..####.#####..#
#...#†##.....# #........#
#.###†##.##..# #..####..#
#.###....##..# #..# #..#
#.........#..# ##..####..#
#.###..####..# #[....##..#
#.# #.....#..# #.........#


There were no monsters in sight!

Vanquished Creatures
  2 pandemonium lords (Pan)
  the Royal Jelly (Slime:5)
  Lom Lobon (Pan)
  Mnoleg (Pan)
  2 dread liches (Zot:5)
  4 orbs of fire
  2 ancient liches
  A juggernaut (Depths:4)
  Boris (Crypt:2)
  Josephina (Crypt:2)
  Sojobo (Vaults:5)
  3 Killer Klowns
  6 curse toes
  Bai Suzhen (Vaults:5)
  2 caustic shrikes (Depths:2)
  7 golden dragons
  Jory (Crypt:3)
  2 profane servitors
  Hellbinder (WizLab)
  4 Tzitzimimeh
  2 bone dragons (Abyss:3)
  An electric golem (Zot:5)
  4 Brimstone Fiends
  Zenata (Elf:3)
  28 tentacled monstrosities
  Mlioglotl (Shoals:2)
  Rupert (Lair:3)
  5 liches
  3 Hell Sentinels (Pan)
  A deep elf blademaster (Elf:3)
  A shard shrike skeleton (Crypt:2)
  3 Ice Fiends
  30 Orb Guardians
  A walking frostbound tome (Depths:2)
  8 titans
  3 quicksilver dragons
  2 krakens (Shoals:4)
  Frances (Shoals:2)
  11 Executioners
  9 tentacled starspawn
  18 acid blobs
  9 ancient champions
  7 death cobs
  10 sphinxes
  7 tengu reavers
  6 shadow dragons
  Donald (Spider:2)
  5 demonspawn warmongers (Pan)
  The ghost of comradetweed the Peltast, an adept GrFi of the Shining One (Vaults:1)
  7 draconian monks
  The ghost of Vixxxy the Frost Mage, an adept DrFE of Qazlal (Lair:2)
  13 rockslimes
  13 storm dragons
  2 daevas (Pan)
  11 frost giants
  5 azure jellies
  10 draconian knights
  Ilsuiw (Shoals:3)
  6 revenants
  8 draconian scorchers
  An emperor scorpion (shapeshifter) (Vaults:5)
  6 deep elf sorcerers
  11 fire giants
  An iron dragon (Depths:4)
  6 emperor scorpions
  4 draconian shifters
  12 vault wardens
  2 juggernaut zombies (Depths:3)
  8 ghost moths
  4 demonspawn corrupters (Pan)
  49 cacodemons
  3 balrugs (Pan)
  A caustic shrike zombie (Depths:3)
  2 curse skulls
  4 draconian stormcallers
  8 deep elf elementalists (Elf:3)
  A demonspawn blood saint (Pan)
  An orc warlord (Orc:2)
  10 ghouls
  3 spriggan defenders
  18 stone giants
  4 angels
  24 ironbound preservers
  10 draconian annihilators
  38 very ugly things
  9 war gargoyles
  A juggernaut skeleton (Depths:3)
  13 reapers
  3 ironbound thunderhulks
  A caustic shrike skeleton (Depths:3)
  9 quicksilver oozes
  A broodmother (Spider:3)
  The ghost of JaredAshtonScott the Severer, a journeyman MiBe of Trog (Lair:4)
  The ghost of Shukka the Fighter, a journeyman MiBe of Trog (D:12)
  6 vampire knights
  12 black draconians
  3 starflowers (Abyss:4)
  15 yellow draconians
  2 elemental wellsprings (Shoals:1)
  3 apis (Pan)
  A spectral titan (Depths:3)
  A minotaur (Lair:4)
  14 green draconians
  10 white draconians
  2 eleionomae (Shoals:2)
  11 demonspawn black suns (Pan)
  9 deep elf annihilators
  15 red draconians
  13 deep elf demonologists
  13 dire elephants
  7 lorocyprocas (Pan)
  9 purple draconians
  8 spark wasps
  4 crystal guardians
  23 blizzard demons
  14 ettins
  21 deep elf death magi
  An eidolon (Crypt:2)
  18 green deaths
  5 merfolk javelineers
  A quicksilver dragon zombie (Vaults:5)
  15 jiangshi
  7 fire dragons
  An entropy weaver (Spider:2)
  A spectral spriggan (Depths:3)
  9 deep elf high priests
  11 yaktaur captains
  10 merfolk impalers
  12 great orbs of eyes
  10 hell beasts
  5 rakshasas
  3 hydras
  A spectral tengu (Depths:3)
  5 peacekeepers
  31 vault guards
  An ogre mage (Vaults:5)
  8 merfolk avatars
  A fenstrider witch zombie (Crypt:3)
  A salamander tyrant (Depths:2)
  7 ice dragons
  9 centaur warriors
  2 juggernaut simulacra (Pan)
  4 jorogumos
  A spriggan skeleton (Crypt:1)
  5 satyrs
  5 two-headed ogres
  8 ironbound frosthearts
  4 spriggan air magi
  2 spectral sphinxes (Depths:3)
  4 death knights
  27 dancing weapons
  3 alligator snapping turtles
  13 death yaks
  6 boulder beetles
  7 tengu warriors
  5 deep troll shamans
  A hell hog (Depths:2)
  12 vampire magi
  4 deep troll earth magi
  6 thrashing horrors
  3 shock serpents (Pan)
  6 orc high priests
  3 titan zombies
  5 spriggan berserkers
  An Orb Guardian skeleton (Crypt:2)
  Urug (Orc:2)
  17 deep elf knights
  14 hell knights
  3 spectral storm dragons (Crypt:3)
  40 sun demons
  22 soul eaters
  4 wretched stars (Abyss:4)
  3 shadow wraiths
  A storm dragon zombie (Depths:3)
  A titan skeleton (Vaults:2)
  2 salamander mystics
  Amaemon (Lair:1)
  7 iron trolls
  3 skysharks
  Lodul (D:14)
  A spatial maelstrom (Abyss:3)
  27 skeletal warriors
  4 pharaoh ants
  57 sixfirhies
  A storm dragon skeleton (Vaults:5)
  15 sea snakes
  10 flayed ghosts
  A spectral spark wasp (Depths:3)
  9 orb spiders
  A sun moth (Spider:4)
  A spectral iron dragon (Depths:3)
  A golden dragon zombie (Depths:3)
  7 glowing orange brains
  66 deep trolls
  An obsidian statue (Shoals:4)
  19 shadow demons
  6 deep elf archers
  13 wizards
  A harpy (shapeshifter) (D:14)
  A golden dragon skeleton (Depths:3)
  13 lindwurms
  3 bog bodies
  A sphinx zombie (Vaults:2)
  36 harpies
  2 sphinx skeletons
  13 phantasmal warriors
  14 necromancers
  4 steelbarb worms
  24 ironbound convokers
  7 orc sorcerers
  14 deep elf zephyrmancers
  18 deep elf pyromancers
  5 oklob plants
  A stone giant zombie (Vaults:2)
  5 manticores
  2 spectral fire dragons (Crypt:3)
  5 orc knights
  34 ugly things
  A spectral ice dragon (Crypt:3)
  17 wolf spiders
  24 moths of wrath
  8 salamanders
  24 fauns
  An eleionoma zombie (Crypt:2)
  9 shining eyes
  A shadow dragon skeleton (Crypt:3)
  2 tengu skeletons (Depths:3)
  An eleionoma skeleton (Crypt:1)
  An elephant (shapeshifter) (D:12)
  9 cyclopes
  6 elephants
  3 human skeletons (Vaults:2)
  A toenail golem (Zot:5)
  2 rust devils
  12 eyes of devastation
  A salamander (shapeshifter) (Elf:3)
  2 black mambas (Lair:5)
  9 merfolk sirens
  15 demonic crawlers
  7 ice statues
  11 water nymphs
  A stone giant skeleton (Vaults:2)
  A dire elephant zombie (Crypt:1)
  65 smoke demons
  5 torpor snails
  52 orange demons
  26 vault sentinels
  A black draconian zombie (Crypt:1)
  9 cane toads
  A dire elephant skeleton (Crypt:3)
  A green draconian zombie (Crypt:1)
  A white draconian zombie (Crypt:3)
  7 rime drakes
  An efreet (D:15)
  3 unseen horrors
  7 komodo dragons
  3 unseen horror zombies (D:9)
  A mana viper zombie (Crypt:3)
  An anaconda simulacrum (IceCv)
  22 hellions
  19 tormentors
  4 guardian mummies (Crypt:3)
  9 freezing wraiths
  A yaktaur (shapeshifter) (D:14)
  25 yaktaurs
  A spark wasp simulacrum (Depths:3)
  4 tengu conjurers
  3 ancient zymes
  An iron troll skeleton (Crypt:3)
  6 red devils
  2 yaktaur skeletons (Vaults:2)
  An unseen horror skeleton (Crypt:3)
  5 trolls
  3 meliai (D:15)
  A yellow draconian skeleton (Crypt:1)
  A death drake zombie (Crypt:2)
  A queen bee (shapeshifter) (D:12)
  32 merfolk
  A wind drake (shapeshifter) (D:14)
  15 hornets
  12 ice devils
  8 wind drakes
  A harpy zombie (Crypt:3)
  A polar bear (shapeshifter) (Vaults:5)
  26 hellwings
  4 polar bears
  A shadow dragon simulacrum (Depths:3)
  21 tarantellas
  Prince Ribbit (D:7)
  A harpy skeleton (Crypt:2)
  2 raiju (Abyss:3)
  A hornet (shapeshifter) (D:12)
  8 snapping turtles
  14 blink frogs
  A culicivora zombie (Crypt:2)
  A fire giant simulacrum (Depths:3)
  An alligator skeleton (Crypt:2)
  24 jumping spiders
  17 flying skulls
  6 spriggans (Depths:4)
  Sigmund (D:3)
  100 slime creatures
  A slime creature (shapeshifter) (Depths:2)
  A centaur simulacrum (Crypt:2)
  2 ettin skeletons (Vaults:2)
  5 shadows
  20 water elementals
  3 air elementals
  2 wyverns (Lair:3)
  19 culicivoras
  5 vampires
  11 wraiths
  23 ynoxinuls
  4 fire bats (Pan)
  46 yaks
  15 golden eyes
  50 large abominations
  A minotaur simulacrum (Crypt:2)
  3 starcursed masses (Abyss:3)
  18 vampire mosquitoes
  Grum (D:11)
  40 neqoxecs
  7 steam dragons
  48 chaos spawn
  A death yak simulacrum (IceCv)
  46 redbacks
  2 glowing shapeshifter zombies (Depths:3)
  A harpy simulacrum (Crypt:3)
  2 wargs
  6 spatial vortices (Abyss:3)
  2 floating eyes
  An acid dragon (D:13)
  9 water moccasins
  A hydra simulacrum (IceCv)
  4 glowing shapeshifter skeletons
  9 hell hounds
  2 ice beasts (D:10)
  A naga skeleton (Crypt:3)
  25 orc warriors
  An ettin simulacrum (Crypt:1)
  12 ogres
  8 wolves
  An elephant skeleton (Crypt:2)
  15 centaurs
  A phantom (D:6)
  A lindwurm skeleton (Crypt:2)
  2 kobold brigands
  4 bullfrogs
  5 scorpions
  3 necrophages
  2 glowing shapeshifter simulacra
  3 two-headed ogre simulacra (IceCv)
  An earth elemental (Abyss:3)
  2 cane toad simulacra (IceCv)
  8 small abominations
  3 water moccasin zombies (Ossuary)
  A wight (D:9)
  A killer bee (shapeshifter) (D:12)
  A polar bear zombie (Crypt:1)
  6 killer bees
  2 elephant simulacra (IceCv)
  A shapeshifter skeleton (Crypt:3)
  4 electric eels
  4 howler monkeys
  6 centaur zombies
  2 human zombies
  2 quasits (Abyss:3)
  A hound (shapeshifter) (D:14)
  11 orc priests
  4 hounds
  6 jellies
  A sleepcap (D:6)
  A basilisk skeleton (Crypt:3)
  A boggart zombie (D:12)
  3 iguanas
  23 orc wizards
  A polar bear simulacrum (IceCv)
  3 spriggan simulacra (IceCv)
  3 troll simulacra (IceCv)
  An ice beast zombie (Crypt:3)
  3 human simulacra
  A hound skeleton (Crypt:1)
  2 mummies (Ossuary)
  A howler monkey zombie (D:9)
  5 adders
  7 gnolls
  An adder (shapeshifter) (D:12)
  A naga simulacrum (IceCv)
  6 white imps
  6 ufetubi
  A worm zombie (Crypt:1)
  A lava snake zombie (Crypt:3)
  5 adder zombies (Ossuary)
  4 dart slugs
  73 orcs
  5 ball pythons
  6 bats
  7 endoplasms
  A giant cockroach (shapeshifter) (D:12)
  6 giant cockroaches
  8 goblins
  10 hobgoblins
  9 jackals
  13 kobolds
  2 quokkas (D:1)
  A frilled lizard (D:1)
  2 hobgoblin zombies (Ossuary)
  2 kobold zombies (Ossuary)
  4 rats
  A plant (Crypt:1)
  10 starspawn tentacles
  A tentacle (Shoals:4)
3225 creatures vanquished.

Vanquished Creatures (collateral kills)
  6 orbs of fire
  A dread lich (Vaults:5)
  Boris (Vaults:5)
  A pandemonium lord (Pan)
  Xtahua (Vaults:2)
  An electric golem (Zot:5)
  A hellephant (Pan)
  A tentacled monstrosity (Vaults:5)
  A titan (Pan)
  A quicksilver dragon (Zot:5)
  An ancient champion (Crypt:2)
  A sphinx (Vaults:5)
  2 shadow dragons (Vaults:5)
  The ghost of Qaicud the Severer, an adept HOFi of Beogh (Spider:4)
  A draconian knight (Zot:1)
  A fire giant (Vaults:5)
  2 frost giants (Vaults:5)
  2 vault wardens (Vaults:5)
  A ghost moth (Zot:3)
  A draconian shifter (Zot:5)
  A cacodemon (WizLab)
  A demonspawn blood saint (WizLab)
  A stone giant (Vaults:5)
  2 ironbound preservers
  A draconian annihilator (Pan)
  An ironbound thunderhulk (Vaults:1)
  A red draconian (Zot:3)
  A deep elf high priest (Elf:3)
  2 yaktaur captains (Vaults:5)
  2 vault guards (Vaults:4)
  An ogre mage (Vaults:5)
  2 hydras
  An ironbound frostheart (Vaults:1)
  A deep troll earth mage (Vaults:5)
  A sun demon (Depths:4)
  2 hell knights (Vaults:5)
  A skyshark (Lair:4)
  A pharaoh ant (Spider:4)
  A skeletal warrior (D:12)
  2 ironbound convokers (Vaults:4)
  A harpy (Shoals:4)
  A moth of wrath (Spider:4)
  A rust devil (WizLab)
  A salamander (Depths:4)
  An elephant (Lair:4)
  3 smoke demons (Pan)
  A cane toad (Lair:5)
  A rime drake (Lair:4)
  An orange demon (WizLab)
  2 yaktaurs (Vaults:5)
  A tormentor (WizLab)
  An efreet (D:14)
  2 red devils (WizLab)
  2 hornets
  A hellwing (WizLab)
  3 slime creatures
  2 ynoxinuls (WizLab)
  A steam dragon (Lair:5)
  A redback (Spider:2)
  2 chaos spawn (WizLab)
  A water moccasin (Lair:4)
  An orc warrior (D:9)
  A kobold brigand (D:9)
  A gnoll sergeant (D:8)
  3 water moccasin zombies (Ossuary)
  A jelly (Lair:4)
  An orc priest (Orc:2)
  3 orc wizards
  A wolf simulacrum (IceCv)
  2 naga simulacra (IceCv)
  3 adder zombies (Ossuary)
  7 orcs
  2 hobgoblin zombies (Ossuary)
  2 kobolds (D:9)
  An orc zombie (Ossuary)
113 creatures vanquished.

Vanquished Creatures (others)
  A pandemonium lord (Pan)
  A shadow dragon (Vaults:5)
  A demonspawn black sun (Pan)
  A sixfirhy (Pan)
  A storm dragon simulacrum (Crypt:2)
  2 harpy simulacra (Crypt:2)
  An orc (D:8)
  2 ball pythons (D:2)
  6 ball lightnings (Pan)
  2 demonic plants (Abyss:4)
  37 fungi
  93 plants
  6 starspawn tentacles (Abyss:3)
  3 tentacles (Shoals:4)
  6 withered plants (D:12)
163 creatures vanquished.

Grand Total: 3501 creatures vanquished

Notes
Turn   | Place    | Note
-------+----------+-------------------------------------------
     0 | D:1      | senlim the Gnoll Wanderer began the quest for the Orb.
     0 | D:1      | senlim set off with the following items: a +0 dagger, a
                  | potion of curing, a +0 robe, a +0 cloak; and the following
                  | spells available to memorise: Beastly Appendage, Sting,
                  | Passwall, Poisonous Vapours, Cigotuvi's Dreadful Rot.
     0 | D:1      | Reached XP level 1. HP: 13/13 MP: 6/6
     2 | D:1      | Learned a level 1 spell: Sting
   192 | D:1      | Reached XP level 2. HP: 19/19 MP: 4/7
   308 | D:1      | Found Peim's Antique Weapon Shoppe.
   554 | D:1      | Reached skill level 5 in Spellcasting
   554 | D:1      | Reached XP level 3. HP: 25/25 MP: 5/9
   695 | D:1      | Reached skill level 1 in Invocations
  1294 | D:1      | Reached skill level 1 in Fighting
  1294 | D:1      | Reached skill level 1 in Short Blades
  1294 | D:1      | Reached skill level 1 in Long Blades
  1294 | D:1      | Reached skill level 1 in Axes
  1294 | D:1      | Reached skill level 1 in Maces & Flails
  1294 | D:1      | Reached skill level 1 in Polearms
  1294 | D:1      | Reached skill level 1 in Staves
  1294 | D:1      | Reached skill level 1 in Ranged Weapons
  1294 | D:1      | Reached skill level 1 in Throwing
  1294 | D:1      | Reached skill level 1 in Armour
  1294 | D:1      | Reached skill level 1 in Stealth
  1294 | D:1      | Reached skill level 1 in Shields
  1294 | D:1      | Reached skill level 1 in Unarmed Combat
  1294 | D:1      | Reached skill level 1 in Evocations
  1584 | D:1      | Reached XP level 4. HP: 21/32 MP: 6/11
  1710 | D:1      | Learned a level 2 spell: Poisonous Vapours
  1851 | D:2      | Reached skill level 1 in Conjurations
  1851 | D:2      | Reached skill level 1 in Hexes
  1851 | D:2      | Reached skill level 1 in Summonings
  1851 | D:2      | Reached skill level 1 in Necromancy
  1851 | D:2      | Reached skill level 1 in Translocations
  1851 | D:2      | Reached skill level 1 in Fire Magic
  1851 | D:2      | Reached skill level 1 in Ice Magic
  1851 | D:2      | Reached skill level 1 in Air Magic
  1851 | D:2      | Reached skill level 1 in Earth Magic
  2875 | D:3      | Noticed Sigmund
  2883 | D:3      | Killed Sigmund
  2884 | D:3      | Reached XP level 5. HP: 30/38 MP: 6/12
  2884 | D:3      | Reached XP level 6. HP: 34/44 MP: 7/14
  2984 | D:2      | Reached skill level 2 in Armour
  3059 | D:3      | Found a snail-covered altar of Cheibriados.
  3987 | D:4      | Learned a level 2 spell: Call Imp
  4214 | D:4      | Found a stormy altar of Qazlal.
  4655 | D:4      | Reached XP level 7. HP: 51/51 MP: 9/15
  4712 | D:4      | Identified the +1 leather armour of the Villain {-Cast
                  | rPois Regen+ Int-2}
  5434 | D:5      | Entered Level 5 of the Dungeon
  5547 | D:5      | Found a staircase to the Ecumenical Temple.
  5598 | Temple   | Entered the Ecumenical Temple
  5746 | D:5      | Found a sand-covered staircase.
  5808 | Ossuary  | Entered an ossuary
  5966 | Ossuary  | Reached skill level 3 in Armour
  5966 | Ossuary  | Reached XP level 8. HP: 51/58 MP: 16/16
  6332 | D:3      | Became a worshipper of Cheibriados the Contemplative
  6648 | D:5      | Found an opulent altar of Gozag.
  6793 | D:5      | Learned a level 1 spell: Beastly Appendage
  6796 | D:5      | Learned a level 2 spell: Passwall
  6902 | D:5      | Found a faded altar of an unknown god.
  6902 | D:5      | Found a hazy altar of Hepliaklqana.
  6902 | D:5      | Found a faded altar of an unknown god.
  7400 | D:6      | Found a blossoming altar of Fedhas.
  7533 | D:6      | Found an ornate altar of the Wu Jian Council.
  7756 | D:6      | Noticed a troll
  8116 | D:6      | Killed a troll
  8117 | D:6      | Reached XP level 9. HP: 51/65 MP: 14/18
  8233 | D:6      | Reached skill level 4 in Armour
  8302 | D:6      | Reached * piety under Cheibriados
  8591 | D:7      | Noticed Prince Ribbit
  9018 | D:7      | Noticed a two-headed ogre
  9214 | D:7      | Killed Prince Ribbit
  9279 | D:7      | Found a shadowy altar of Dithmenos.
  9841 | D:8      | Reached skill level 5 in Armour
  9852 | D:8      | Reached skill level 5 in Invocations
  9972 | D:8      | Found a white marble altar of Elyvilon.
 10218 | D:8      | Found a hide-covered altar of Uskayaw.
 10242 | D:8      | Reached ** piety under Cheibriados
 11039 | D:9      | Noticed a hornet
 11044 | D:9      | Killed a hornet
 11062 | D:9      | Reached skill level 5 in Fighting
 11062 | D:9      | Reached skill level 5 in Short Blades
 11062 | D:9      | Reached skill level 5 in Long Blades
 11062 | D:9      | Reached skill level 5 in Axes
 11062 | D:9      | Reached skill level 5 in Maces & Flails
 11062 | D:9      | Reached skill level 5 in Polearms
 11062 | D:9      | Reached skill level 5 in Staves
 11062 | D:9      | Reached skill level 5 in Ranged Weapons
 11062 | D:9      | Reached skill level 5 in Throwing
 11062 | D:9      | Reached skill level 5 in Stealth
 11062 | D:9      | Reached skill level 5 in Shields
 11062 | D:9      | Reached skill level 5 in Unarmed Combat
 11062 | D:9      | Reached skill level 5 in Evocations
 11062 | D:9      | Reached XP level 10. HP: 74/74 MP: 3/20
 11225 | D:9      | Reached skill level 6 in Armour
 11225 | D:9      | Reached skill level 10 in Dodging
 11685 | D:9      | Reached *** piety under Cheibriados
 12027 | D:9      | Found a glowing golden altar of the Shining One.
 12118 | D:9      | Reached skill level 5 in Poison Magic
 12119 | D:9      | Found an ancient bone altar of Kikubaaqudgha.
 12278 | D:9      | Reached skill level 7 in Armour
 12322 | D:10     | Entered Level 10 of the Dungeon
 12325 | D:10     | Noticed Maggie
 12610 | D:10     | Learned a level 3 spell: Mephitic Cloud
 12614 | D:10     | Learned a level 3 spell: Ozocubu's Armour
 12616 | D:10     | Maggie changed into Maggie the centaur
 12616 | D:10     | Noticed Maggie
 12620 | D:10     | Killed Maggie the centaur
 12620 | D:10     | Reached **** piety under Cheibriados
 12713 | D:10     | Learned a level 4 spell: Leda's Liquefaction
 12866 | D:10     | Noticed a two-headed ogre
 12886 | D:10     | Killed a two-headed ogre
 12887 | D:10     | Reached skill level 5 in Conjurations
 12887 | D:10     | Reached skill level 5 in Hexes
 12887 | D:10     | Reached skill level 5 in Summonings
 12887 | D:10     | Reached skill level 5 in Necromancy
 12887 | D:10     | Reached skill level 5 in Translocations
 12887 | D:10     | Reached skill level 5 in Fire Magic
 12887 | D:10     | Reached skill level 5 in Ice Magic
 12887 | D:10     | Reached skill level 5 in Air Magic
 12887 | D:10     | Reached skill level 5 in Earth Magic
 12887 | D:10     | Reached XP level 11. HP: 81/81 MP: 10/23
 13131 | D:10     | Reached skill level 8 in Armour
 13436 | D:10     | Found a staircase to the Lair.
 13539 | D:10     | Found a sparkling altar of Nemelex Xobeh.
 14017 | D:11     | Noticed Grum
 14027 | D:11     | Killed Grum
 14029 | D:11     | Noticed a red ugly thing
 14041 | D:11     | Noticed a manticore
 14468 | D:11     | Reached ***** piety under Cheibriados
 14505 | D:11     | Killed a green ugly thing
 14825 | D:11     | Killed a manticore
 15171 | D:12     | Found a runed translucent gate.
 15171 | D:12     | Found a runed translucent gate.
 15171 | D:12     | Noticed a glowing orange brain
 15172 | D:12     | Found a runed translucent gate.
 15172 | D:12     | Noticed a cyan ugly thing
 15173 | D:12     | Noticed a deep troll
 15179 | D:12     | a deep troll changed into a shining eye
 15179 | D:12     | Noticed a shining eye (glowing shapeshifter)
 15180 | D:12     | Noticed a purple ugly thing
 15181 | D:12     | Noticed a purple ugly thing
 15181 | D:12     | Noticed a cyan ugly thing
 15184 | D:12     | a shining eye changed into a torpor snail
 15185 | D:12     | a torpor snail changed into an orb spider
 15185 | D:12     | Noticed an orb spider (glowing shapeshifter)
 15189 | D:12     | an orb spider changed into a shining eye
 15189 | D:12     | Noticed a shining eye (glowing shapeshifter)
 15192 | D:12     | a shining eye changed into a slime creature
 15193 | D:12     | a slime creature changed into a great orb of eyes
 15193 | D:12     | Noticed a great orb of eyes (glowing shapeshifter)
 15207 | D:12     | Found a staircase to the Orcish Mines.
 15227 | D:12     | Reached skill level 9 in Armour
 15433 | D:12     | Noticed a skeletal warrior
 15458 | D:11     | Learned a level 4 spell: Summon Lightning Spire
 15464 | D:11     | Learned a level 5 spell: Borgnjor's Vile Clutch
 15496 | Lair:1   | Entered Level 1 of the Lair of Beasts
 15926 | Lair:1   | Identified 3 scrolls of acquirement
 15928 | Lair:1   | Acquired Sif Muna's Quarto of Metamorphic Astrapomancy
 15935 | Lair:1   | Learned a level 3 spell: Ignite Poison
 15935 | Lair:1   | Acquired the +0 hat of the Orange Skies {rC++ Will- rCorr}
 15937 | Lair:1   | Acquired the ring of the Hairy Mango {*Corrode Fly Str+10
                  | Dex+6 Slay-4}
 16021 | Lair:1   | Reached XP level 12. HP: 91/91 MP: 16/24
 16061 | Lair:1   | Noticed Amaemon
 16066 | Lair:1   | Killed Amaemon
 16875 | Lair:2   | Found a hole to the Spider Nest.
 17001 | Lair:2   | Reached skill level 10 in Armour
 17162 | Lair:2   | Found a runed translucent door.
 17282 | Lair:2   | Noticed a four-headed hydra
 17333 | Lair:2   | Killed a four-headed hydra
 17440 | Lair:2   | Noticed Vixxxy's ghost (adept DrFE)
 17766 | Lair:3   | Noticed Rupert
 17776 | Lair:3   | Killed Rupert
 17907 | Lair:3   | Noticed a four-headed hydra
 17915 | Lair:3   | Killed a four-headed hydra
 18430 | Lair:3   | Reached XP level 13. HP: 98/98 MP: 17/26
 18488 | Lair:3   | Reached ****** piety under Cheibriados
 18589 | Lair:3   | Found a staircase to the Shoals.
 18607 | Lair:3   | Reached skill level 11 in Armour
 19093 | Lair:3   | Reached skill level 10 in Spellcasting
 19589 | Lair:4   | Found a runed translucent gate.
 19589 | Lair:4   | Found a runed translucent gate.
 19589 | Lair:4   | Found a runed translucent gate.
 19592 | Lair:4   | Noticed a minotaur
 19630 | Lair:4   | Found a frozen archway.
 19642 | IceCv    | Entered an ice cave
 20991 | IceCv    | Noticed a reaper
 21792 | Lair:3   | Learned a level 5 spell: Fireball
 21884 | Lair:4   | Found a viscous altar of Jiyva.
 21884 | Lair:4   | Found a staircase to the Slime Pits.
 21901 | Lair:4   | Reached skill level 12 in Armour
 22057 | Lair:4   | Reached XP level 14. HP: 100/108 MP: 14/28
 22443 | Lair:4   | Noticed JaredAshtonScott's ghost (journeyman MiBe)
 22896 | Lair:5   | Entered Level 5 of the Lair of Beasts
 22943 | Lair:5   | Reached skill level 10 in Invocations
 24755 | D:8      | Reached skill level 13 in Armour
 26061 | Lair:5   | Identified the +8 trident of True Grit {heavy, Stlth+}
 26343 | Lair:5   | Identified the +8 spear "Tiotsi" {antimagic, rF- rC+ Str+4
                  | Int+2}
 26349 | Lair:5   | Reached skill level 10 in Transmutations
 27238 | D:12     | Reached skill level 10 in Fighting
 27238 | D:12     | Reached skill level 10 in Short Blades
 27238 | D:12     | Reached skill level 10 in Long Blades
 27238 | D:12     | Reached skill level 10 in Axes
 27238 | D:12     | Reached skill level 10 in Maces & Flails
 27238 | D:12     | Reached skill level 10 in Polearms
 27238 | D:12     | Reached skill level 10 in Staves
 27238 | D:12     | Reached skill level 10 in Ranged Weapons
 27238 | D:12     | Reached skill level 10 in Throwing
 27238 | D:12     | Reached skill level 10 in Stealth
 27238 | D:12     | Reached skill level 10 in Shields
 27238 | D:12     | Reached skill level 10 in Unarmed Combat
 27238 | D:12     | Reached skill level 10 in Evocations
 27814 | D:12     | You fall into a shaft and drop 1 floor!
 27829 | D:13     | Reached XP level 15. HP: 115/115 MP: 22/30
 28277 | D:13     | Found Lathiq's Gadget Gallery.
 28284 | D:13     | Bought a wand of light (5) for 357 gold pieces
 28284 | D:13     | Bought a phial of floods for 680 gold pieces
 28284 | D:13     | Bought a wand of paralysis (4) for 163 gold pieces
 29379 | D:14     | Noticed Lodul
 29383 | D:14     | Killed Lodul
 29722 | Orc:1    | Entered Level 1 of the Orcish Mines
 29927 | Orc:1    | Reached skill level 14 in Armour
 30163 | Orc:2    | Entered Level 2 of the Orcish Mines
 30192 | Orc:2    | Found a flickering gateway to a bazaar.
 30199 | Bazaar   | Entered a bazaar
 30199 | Bazaar   | Found Ykhupuci's Book Boutique.
 30213 | Bazaar   | Found Plog's Armour Boutique.
 30226 | Bazaar   | Found Coats's Antique Armour Shoppe.
 30233 | Bazaar   | Found Gof Xyck's Book Boutique.
 30327 | Bazaar   | Bought the Compilation of Position and Maleficent
                  | Ceremonies for 500 gold pieces
 30334 | Bazaar   | Bought a glowing helmet for 112 gold pieces
 30341 | Bazaar   | Bought a masterwork hat for 135 gold pieces
 30341 | Bazaar   | Identified the +5 hat "Bej Guorph" {rPois rCorr Int-3
                  | Stlth-} (You bought it in a shop in a bazaar)
 30800 | Orc:2    | Paralysed by an orc sorcerer for 3 turns
 30930 | Orc:2    | Noticed an orc warlord
 30937 | Orc:2    | Killed an orc warlord
 30939 | Orc:2    | Noticed Urug
 30958 | Orc:2    | Killed Urug
 31698 | Orc:2    | Found a staircase to the Elven Halls.
 31921 | Orc:2    | Found Dien Kya's Antique Armour Boutique.
 31982 | Orc:2    | Found Sodan's Jewellery Boutique.
 31997 | Orc:2    | Found Wolluo Dailu's General Store.
 32004 | Orc:2    | Bought a scroll of identify for 24 gold pieces
 32013 | Orc:2    | Found Liqobb's Antique Weapon Boutique.
 32562 | D:14     | Noticed a fire giant
 33083 | D:14     | Identified the ring of the Solstice {Will+ Str+4 Int+2
                  | Dex-3 Slay+2}
 33155 | D:14     | Found a gate to the Vaults.
 33304 | D:14     | Reached XP level 16. HP: 121/124 MP: 11/32
 34549 | D:14     | Got Annetej's Incunable of Grisly Transfiguration
 34711 | D:14     | Learned a level 2 spell: Blink
 34783 | D:15     | Entered Level 15 of the Dungeon
 34920 | D:15     | Reached skill level 15 in Armour
 35055 | D:15     | Found a staircase to the Depths.
 36182 | Spider:1 | Entered Level 1 of the Spider Nest
 37058 | Spider:1 | Reached skill level 10 in Poison Magic
 37539 | Spider:2 | Noticed Donald
 37544 | Spider:2 | Killed Donald
 37868 | Spider:2 | Learned a level 6 spell: Death Channel
 38025 | Spider:2 | Identified the +4 mace "Mithaofa" {antimagic, *Corrode
                  | Str+4 Dex+3}
 38402 | Spider:2 | Reached XP level 17. HP: 133/133 MP: 9/33
 39322 | Spider:2 | Reached skill level 10 in Conjurations
 39322 | Spider:2 | Reached skill level 10 in Hexes
 39322 | Spider:2 | Reached skill level 10 in Summonings
 39322 | Spider:2 | Reached skill level 10 in Necromancy
 39322 | Spider:2 | Reached skill level 10 in Translocations
 39322 | Spider:2 | Reached skill level 10 in Fire Magic
 39322 | Spider:2 | Reached skill level 10 in Ice Magic
 39322 | Spider:2 | Reached skill level 10 in Air Magic
 39322 | Spider:2 | Reached skill level 10 in Earth Magic
 39640 | Shoals:1 | Entered Level 1 of the Shoals
 40563 | Shoals:1 | Reached skill level 16 in Armour
 41566 | Shoals:2 | Found Juim Raq's Magic Scroll Shoppe.
 41569 | Shoals:2 | Noticed Mlioglotl
 41937 | Shoals:2 | Bought a scroll of teleportation for 51 gold pieces
 41937 | Shoals:2 | Bought a scroll of silence for 161 gold pieces
 41937 | Shoals:2 | Bought a scroll of identify for 34 gold pieces
 42946 | Shoals:3 | Noticed Ilsuiw
 42962 | Shoals:3 | Killed Ilsuiw
 43773 | Shoals:4 | Entered Level 4 of the Shoals
 44180 | Shoals:4 | Noticed a kraken
 44189 | Shoals:4 | Killed a kraken
 44349 | Shoals:4 | Noticed a kraken
 44357 | Shoals:4 | Killed a kraken
 44544 | Shoals:4 | Reached XP level 18. HP: 141/141 MP: 29/35
 44893 | Shoals:4 | Reached skill level 17 in Armour
 44893 | Shoals:4 | Reached skill level 15 in Dodging
 45668 | Shoals:4 | Got a barnacled rune of Zot
 46650 | Lair:2   | Killed Vixxxy's ghost
 46868 | Lair:4   | Killed JaredAshtonScott's ghost
 47215 | Vaults:1 | Entered Level 1 of the Vaults
 47522 | Vaults:1 | Found Buckuecs's Book Emporium.
 47529 | Vaults:1 | Bought a book of Blood for 476 gold pieces
 47532 | Vaults:1 | Learned a level 2 spell: Sublimation of Blood
 48210 | Lair:2   | Learned a level 6 spell: Statue Form
 49820 | Spider:4 | Entered Level 4 of the Spider Nest
 50484 | Spider:4 | Found a runed translucent door.
 50637 | Spider:4 | Noticed Qaicud's ghost (adept HOFi)
 51827 | Spider:4 | Learned a level 6 spell: Dispersal
 51899 | Spider:4 | Reached XP level 19. HP: 137/149 MP: 19/37
 51951 | Spider:4 | Identified the orb "Ebrufyhu" {light, Rampage rC+}
 51968 | Spider:4 | Got a gossamer rune of Zot
 52623 | Vaults:1 | Reached skill level 18 in Armour
 53209 | Vaults:1 | Found the +4 consecrated labrys {holy, Valiant Fragile Fly
                  | SInv}
 53464 | Vaults:1 | Found a large runed translucent door.
 53464 | Vaults:1 | Found a large runed translucent door.
 53464 | Vaults:1 | Noticed comradetweed's ghost (adept GrFi)
 55899 | Vaults:2 | Reached skill level 15 in Invocations
 56450 | Vaults:2 | Reached XP level 20. HP: 158/158 MP: 16/38
 57373 | Vaults:2 | Reached skill level 19 in Armour
 57860 | Vaults:2 | Noticed Xtahua
 58609 | Vaults:3 | Reached skill level 15 in Spellcasting
 58874 | Vaults:3 | Found Rovviuhy's Weapon Emporium.
 60735 | Vaults:3 | Reached XP level 21. HP: 144/166 MP: 6/40
 62583 | Elf:1    | Entered Level 1 of the Elven Halls
 62592 | Elf:1    | Reached skill level 20 in Armour
 62925 | Elf:1    | Found Mutouxy's Book Boutique.
 62939 | Elf:1    | Found Ximauh's Book Boutique.
 63121 | Elf:1    | Found an ancient bone altar of Kikubaaqudgha.
 63214 | Elf:1    | Found Demiath's Assorted Antiques.
 63222 | Elf:1    | Bought a scroll of teleportation for 108 gold pieces
 63772 | Elf:2    | Found Gol Ekhin's Weapon Boutique.
 63776 | Elf:2    | Found Goafag's Antique Armour Boutique.
 63908 | Elf:2    | Found Quwam's Weapon Boutique.
 64118 | Elf:2    | Reached skill level 15 in Fighting
 64118 | Elf:2    | Reached skill level 15 in Short Blades
 64118 | Elf:2    | Reached skill level 15 in Long Blades
 64118 | Elf:2    | Reached skill level 15 in Axes
 64118 | Elf:2    | Reached skill level 15 in Maces & Flails
 64118 | Elf:2    | Reached skill level 15 in Polearms
 64118 | Elf:2    | Reached skill level 15 in Staves
 64118 | Elf:2    | Reached skill level 15 in Ranged Weapons
 64118 | Elf:2    | Reached skill level 15 in Throwing
 64118 | Elf:2    | Reached skill level 15 in Stealth
 64118 | Elf:2    | Reached skill level 15 in Shields
 64118 | Elf:2    | Reached skill level 15 in Unarmed Combat
 64118 | Elf:2    | Reached skill level 15 in Evocations
 64218 | Elf:2    | Found a runed translucent gate.
 64218 | Elf:2    | Found a runed translucent gate.
 64224 | Elf:2    | Found a runed translucent gate.
 64418 | Elf:3    | Entered Level 3 of the Elven Halls
 64650 | Elf:3    | Noticed Zenata
 64658 | Elf:3    | Killed Zenata
 65245 | Elf:3    | Identified the staff of fire "Kuicrac" {Drain rF+ Str+2
                  | Int+3}
 65349 | Elf:3    | Paralysed by an air elemental for 1 turns
 65359 | Elf:3    | Identified the ring of the Marlin {Wiz Contam rElec SInv}
 65419 | Elf:3    | Identified the staff of cold "Jaywaih" {rC+ rN+ MP+9}
 65640 | Elf:3    | Identified the ring "Gaiprid" {rElec rF+ rC+ rCorr Dex+3}
 65961 | Elf:3    | Reached XP level 22. HP: 82/168 MP: 5/42
 66186 | Elf:3    | Identified the +5 flail of Youthful Indiscretion {elec,
                  | *Rage Will+ Str+3 Int+6}
 66186 | Elf:3    | Identified the ring "Batezx Wire" {Ice rElec rPois Will-
                  | Int+6}
 66231 | Elf:3    | Identified the +2 long sword "Ihaoduar" {elec, rF++ Dex+4}
 66464 | Elf:3    | Identified the +0 pair of boots "Arpholiv" {rElec}
 66477 | Elf:3    | Identified the staff of air "Ruastoje" {Fly rElec Int+3}
 66482 | Elf:3    | Got the Catalogue of Minerals
 66556 | Elf:3    | Identified the +2 pair of gloves of the Sun {rN+ Int+3
                  | Dex-3}
 67149 | Depths:1 | Entered Level 1 of the Depths
 67298 | D:12     | Found a runed translucent gate.
 67298 | D:12     | Found a runed translucent gate.
 67306 | D:12     | Found a runed translucent gate.
 67306 | D:12     | Noticed Shukka's ghost (journeyman MiBe)
 67578 | Shoals:2 | Killed Mlioglotl
 67895 | Shoals:2 | Reached skill level 15 in Hexes
 68038 | Shoals:2 | Noticed Frances
 68044 | Shoals:2 | Killed Frances
 68210 | Shoals:2 | Identified the staff of cold "Jelidiro" {rC+ rN++ rCorr}
 68434 | Spider:4 | Killed Qaicud's ghost
 68517 | Spider:4 | Got Yvuniraf's Vellum of the Macabre Summer
 68811 | D:12     | Killed Shukka's ghost
 69153 | Vaults:1 | Reached skill level 21 in Armour
 69159 | Vaults:1 | Killed comradetweed's ghost
 69391 | Depths:1 | Found a one-way gate to the infinite horrors of the Abyss.
 69391 | Depths:1 | Paralysed by a sphinx for 5 turns
 69968 | Depths:1 | Found a one-way gateway to a ziggurat.
 69980 | Depths:1 | Found a transporter.
 69985 | Depths:1 | Found a gateway to Hell.
 69994 | Depths:1 | Found a transporter.
 70002 | Depths:1 | Found a transporter.
 70416 | Depths:1 | Found Dapn's Armour Shop.
 70427 | Depths:1 | Bought a +0 cloak of willpower for 149 gold pieces
 70494 | Depths:1 | Found a transporter.
 70942 | Depths:2 | Found a one-way gate leading to the halls of Pandemonium.
 71426 | Depths:2 | Noticed a caustic shrike
 71489 | Depths:2 | Killed a caustic shrike
 71593 | Depths:2 | Noticed a caustic shrike
 71600 | Depths:2 | Killed a caustic shrike
 71601 | Depths:2 | Reached XP level 23. HP: 183/183 MP: 29/43
 72214 | Depths:2 | Gained mutation: You sometimes lose your temper in combat.
                  | [mutagenic glow]
 72215 | Depths:2 | Lost mutation: You sometimes lose your temper in combat.
                  | [potion of mutation]
 72215 | Depths:2 | Gained mutation: You are robust. (+10% HP) [potion of
                  | mutation]
 72215 | Depths:2 | Gained mutation: You possess an exceptional clarity of
                  | mind. [potion of mutation]
 72215 | Depths:2 | Gained mutation: You are somewhat resistant to further
                  | mutation. [potion of mutation]
 74294 | Depths:3 | Identified the ring of Syduassi {Fire Int+4 Dex+4}
 74402 | Depths:3 | Noticed a caustic shrike
 74402 | Depths:3 | Noticed a caustic shrike
 74403 | Depths:3 | Noticed a caustic shrike
 74706 | Depths:3 | Reached skill level 22 in Armour
 74841 | Depths:4 | Entered Level 4 of the Depths
 75353 | Depths:3 | Found a corrupted altar of Lugonu.
 75451 | Depths:3 | Got the Catalogue of Niveous Composition
 75692 | Depths:3 | Found an ancient bone altar of Kikubaaqudgha.
 76653 | Depths:4 | Noticed a golden dragon
 76708 | Depths:4 | Reached skill level 15 in Transmutations
 76914 | Depths:4 | Killed a golden dragon
 77173 | Depths:4 | Reached XP level 24. HP: 156/212 MP: 14/44
 77840 | Depths:4 | Noticed a juggernaut
 77850 | Depths:4 | Killed a juggernaut
 78235 | Depths:4 | Found a gate to the Realm of Zot.
 78745 | Depths:3 | Got the Opusculum on the Fifth Circle
 80207 | Slime:1  | Entered Level 1 of the Pits of Slime
 81878 | Slime:3  | Reached skill level 23 in Armour
 82428 | Slime:5  | Entered Level 5 of the Pits of Slime
 82718 | Slime:5  | Noticed the Royal Jelly
 83341 | Slime:5  | Found a viscous altar of Jiyva.
 83358 | Slime:5  | Learned a level 8 spell: Ignition
 83655 | Slime:5  | Killed the Royal Jelly
 83656 | Slime:5  | Reached XP level 25. HP: 221/221 MP: 1/44
 83860 | Slime:5  | Identified the +0 ring mail of Theory {Str+3 Int+2}
 83867 | Slime:5  | Got a slimy rune of Zot
 83924 | Slime:5  | Identified the +5 hand axe of Sin {holy, rC+}
 84007 | Slime:5  | Identified the +3 arbalest "Hydraslayer" {heavy, Will+}
 84520 | Vaults:2 | Found a portal to a secret trove of treasure.
 85559 | Vaults:2 | Found a staircase to the Crypt.
 85731 | Vaults:2 | Killed Xtahua
 85817 | Vaults:2 | Reached skill level 15 in Poison Magic
 85817 | Vaults:2 | Reached XP level 26. HP: 229/229 MP: 44/45
 85819 | Vaults:2 | You paid a toll of 6 potions of haste to enter a treasure
                  | trove
 85820 | Trove    | Entered a treasure trove
 85827 | Trove    | Identified the +0 executioner's axe "Goblinslayer" {freeze,
                  | rC+ Int+3 Stlth-}
 85832 | Trove    | Identified the +3 lajatang of Xuut {antimagic, Int+2}
 86062 | Crypt:1  | Entered Level 1 of the Crypt
 88464 | Crypt:2  | Reached skill level 15 in Conjurations
 88464 | Crypt:2  | Reached skill level 15 in Summonings
 88464 | Crypt:2  | Reached skill level 15 in Necromancy
 88464 | Crypt:2  | Reached skill level 15 in Translocations
 88464 | Crypt:2  | Reached skill level 15 in Fire Magic
 88464 | Crypt:2  | Reached skill level 15 in Ice Magic
 88464 | Crypt:2  | Reached skill level 15 in Air Magic
 88464 | Crypt:2  | Reached skill level 15 in Earth Magic
 88490 | Crypt:2  | Noticed Boris
 88933 | Crypt:2  | Killed Boris
 89342 | Crypt:2  | Identified the ring of Koobbede {Ice Will+ Dex+3}
 89342 | Crypt:2  | Noticed Josephina
 89354 | Crypt:2  | Killed Josephina
 89851 | Crypt:3  | Entered Level 3 of the Crypt
 89866 | Crypt:3  | Learned a level 7 spell: Haunt
 89876 | Crypt:3  | Found a magical portal.
 89894 | WizLab   | Entered The Hall of the Hellbinder
 89941 | WizLab   | Gained mutation: Your magical capacity is low. (-10% MP) [a
                  | cacodemon]
 90429 | WizLab   | Noticed Heobit
 90439 | WizLab   | Killed Heobit the Hellbinder
 90792 | WizLab   | Found a burning altar of Makhleb.
 90809 | WizLab   | Identified the +0 cloak of Wetiph {Rampage +Inv rCorr
                  | Str-5}
 90831 | WizLab   | Got Oczoygyi's Tome of Ill-fated Accompaniment
 90833 | WizLab   | Got the Catalogue of the Mob
 90834 | WizLab   | Identified the ring "Ojavonath" {Int+3 SInv}
 90956 | Crypt:3  | Identified the +1 mace of Mourning {vamp, rPois rF- Str+2}
 90999 | Crypt:3  | Reached skill level 24 in Armour
 91966 | Elf:1    | Bought a book of Power for 672 gold pieces
 91975 | Elf:1    | Learned a level 6 spell: Iron Shot
 92807 | Crypt:3  | Identified the +3 battleaxe of True Grit {drain, rCorr
                  | Int+5}
 92894 | Crypt:3  | Noticed an ancient lich
 92899 | Crypt:3  | Killed an ancient lich
 93052 | Crypt:3  | Noticed Jory
 93065 | Crypt:3  | Killed Jory
 93372 | Crypt:3  | Reached XP level 27. HP: 186/238 MP: 33/41
 93899 | Crypt:3  | Found a staircase to the Tomb.
 93960 | Crypt:3  | Found an ancient bone altar of Kikubaaqudgha.
 93964 | Crypt:3  | Found a basalt altar of Yredelemnul.
 93996 | Crypt:3  | Identified the staff of cold "Amast" {rF+ rC+ Dex+3 SInv}
 94268 | Vaults:1 | Learned a level 3 spell: Vhi's Electric Charge
 94400 | Zot:1    | Entered Level 1 of the Realm of Zot
 97860 | Zot:1    | Noticed an orb of fire
100732 | Vaults:5 | Entered Level 5 of the Vaults
100734 | Vaults:5 | Noticed an ancient lich
100743 | Vaults:5 | Reached skill level 25 in Armour
100743 | Vaults:5 | Killed an ancient lich
102731 | Vaults:5 | Noticed Boris
102735 | Vaults:5 | Killed Boris
103127 | Vaults:5 | Identified the +11 battleaxe of the Spheres {antimagic, rF+
                  | rN+ rCorr Dex-4}
103248 | Vaults:5 | Identified the +9 morningstar of Pestilence {vamp, rC- rN+
                  | Dex+2}
103282 | Vaults:5 | Got a silver rune of Zot
103299 | Vaults:5 | Noticed Sojobo
103303 | Vaults:5 | Killed Sojobo
103379 | Vaults:5 | Got the Grimoire of the Dead and Transportation
103399 | Vaults:5 | Learned a level 1 spell: Apportation
103471 | Vaults:5 | Noticed a dread lich
103507 | Vaults:5 | Killed a dread lich
103514 | Vaults:5 | Learned a level 4 spell: Dispel Undead
104338 | Zot:1    | Killed an orb of fire
104458 | Zot:1    | Learned a level 8 spell: Necromutation
105528 | Zot:2    | Identified the ring of Asics {*Slow rF+ rC+ Stlth+}
105997 | Zot:2    | Found a transporter.
105998 | Zot:2    | Found a transporter.
107608 | Zot:3    | Noticed an orb of fire
107627 | Zot:3    | Killed an orb of fire
107772 | Zot:3    | You are sucked into a shaft and drop 1 floor!
109644 | Zot:4    | Found a transporter.
110170 | Zot:4    | Noticed an orb of fire
110206 | Zot:5    | Entered Level 5 of the Realm of Zot
112311 | Zot:5    | Noticed an orb of fire
112324 | Zot:5    | Noticed an orb of fire
112335 | Zot:5    | Killed an orb of fire
112335 | Zot:5    | Noticed an orb of fire
112657 | Zot:5    | Noticed an orb of fire
112674 | Zot:5    | Killed an orb of fire
112703 | Zot:5    | Noticed a dread lich
112842 | Zot:5    | Killed a dread lich
113091 | Zot:5    | Noticed an orb of fire
113102 | Zot:5    | Killed an orb of fire
113819 | Zot:5    | Killed an orb of fire
114449 | Zot:5    | Killed an orb of fire
114468 | Zot:5    | Reached skill level 26 in Armour
115212 | Zot:5    | Noticed a dread lich
115230 | Zot:5    | Paralysed by a dread lich for 2 turns
115233 | Zot:5    | Killed a dread lich
116308 | Zot:5    | Noticed an orb of fire
116309 | Zot:5    | Noticed an orb of fire
116567 | Depths:4 | Acquired a book of Flames
116569 | Depths:4 | Acquired the amulet "Xieto" {Will++ Regen+ rCorr Int-2}
116585 | Depths:4 | Acquired 1115 gold pieces
116973 | Elf:1    | Bought a scroll of poison for 144 gold pieces
117816 | Vaults:5 | Identified the +4 sling of Exoneration {speed, rElec MP-9
                  | SInv Stlth-}
117842 | Vaults:5 | Noticed Bai Suzhen
117853 | Vaults:5 | Killed Bai Suzhen
118243 | Pan      | Entered Pandemonium
119356 | Pan      | Identified the ring of Fipt {Fly rF++ rN+ Str-5 Int-5}
120017 | Pan      | Noticed Buckahor the pandemonium lord
120296 | Pan      | Identified the ring of Deogaly {AC+4 Dex+4}
121034 | Pan      | Noticed Ucraf the pandemonium lord
121076 | Pan      | Killed Ucraf the pandemonium lord
121640 | Pan      | Identified the ring of Dolauze {rPois rC+ AC+4 Dex+2
                  | Slay+2}
121647 | Pan      | Got a demonic rune of Zot
121649 | Pan      | Got the Treatise on the Gathering
122888 | Pan      | Noticed Gynuzook the pandemonium lord
124041 | Pan      | Noticed Palulock the pandemonium lord
124047 | Pan      | Killed Palulock the pandemonium lord
124530 | Pan      | Noticed Ocaisief the pandemonium lord
124572 | Pan      | Killed Ocaisief the pandemonium lord
124620 | Pan      | Identified the +0 pair of gloves "Nukkarie" {-Cast rPois
                  | rF+++ Stlth+}
125630 | Pan      | Noticed Xoifoug the pandemonium lord
125775 | Pan      | Entered the realm of Mnoleg.
125787 | Pan      | Learned a level 4 spell: Passage of Golubria
127290 | Pan      | Noticed Mnoleg
127306 | Pan      | Killed Mnoleg
127572 | Pan      | Reached skill level 27 in Armour
127659 | Pan      | Got a glowing rune of Zot
127962 | Pan      | Entered the realm of Lom Lobon.
129360 | Pan      | Learned a level 7 spell: Spellforged Servitor
129380 | Pan      | Noticed Lom Lobon
129398 | Pan      | Killed Lom Lobon
129417 | Pan      | Got a magical rune of Zot
129755 | Pan      | Noticed Yffocir the pandemonium lord
129774 | Pan      | Killed Yffocir the pandemonium lord
130728 | Pan      | Found an exit through the horrors of the Abyss.
130739 | Pan      | Took an exit into the Abyss.
130739 | Abyss:1  | Escaped into the Abyss
130740 | Abyss:1  | Found a corrupted altar of Lugonu.
130965 | Depths:4 | Escaped the Abyss
131056 | Depths:3 | Voluntarily entered the Abyss.
131114 | Abyss:2  | Found a corrupted altar of Lugonu.
131115 | Abyss:2  | Found a corrupted altar of Lugonu.
131115 | Abyss:2  | Found a corrupted altar of Lugonu.
131198 | Abyss:3  | Found a corrupted altar of Lugonu.
131202 | Abyss:3  | Found a corrupted altar of Lugonu.
131309 | Abyss:3  | Found a corrupted altar of Lugonu.
131432 | Abyss:3  | Found a corrupted altar of Lugonu.
131451 | Abyss:3  | Found a corrupted altar of Lugonu.
131454 | Abyss:3  | Found a broken altar of Ashenzari.
131464 | Abyss:3  | Found a corrupted altar of Lugonu.
131472 | Abyss:3  | Found a corrupted altar of Lugonu.
131472 | Abyss:3  | Found a corrupted altar of Lugonu.
131509 | Abyss:3  | Found a broken altar of Ashenzari.
131890 | Abyss:4  | Found a corrupted altar of Lugonu.
131986 | Abyss:4  | Got an abyssal rune of Zot
132039 | Depths:3 | Escaped the Abyss
132320 | Zot:5    | Killed an orb of fire
132508 | Zot:5    | Killed an orb of fire
132890 | Zot:5    | Noticed an orb of fire
132900 | Zot:5    | Killed an orb of fire
133211 | Zot:5    | Got the Orb of Zot
133540 | D:12     | Noticed Bupayph the pandemonium lord
134001 | D:$      | Escaped with the Orb!

Illustrated notes

Levels and vault maps discovered:
D:1:      dpeg_arrival_boxes_within_box, layout_loops_ring, serial_shops,
          shop_statue, kennysheep_pointless_box, minmay_heptomino_o4
D:2:      layout_basic, minivault_11, lemuel_flame_loot_1
D:3:      layout_basic, lemuel_tele_altar, amcnicky_mini_corridor_feature,
          uniq_sigmund
D:4:      layout_layer_cave, overflow_temple_1_default, grunt_ministairs_15,
          kennysheep_generic_room_10
D:5:      layout_gridville, nicolae_gozag_cash_rules_everything_around_me,
          nicolae_hepliaklqana_ecumenical_no_more,
          minmay_temple_entry_drinking_statues,
          nicolae_ossuary_entry_false_entrances, nrook_mini_backslash
D:6:      layout_gridville, mainiacjoe_overflow_paths, amcnicky_altar_gilded,
          minmay_manual_mail
D:7:      layout_loops_ring, mainiacjoe_overflow_chevrons, uniq_prince_ribbit1
D:8:      layout_basic, elyvilon_altar_5, mainiacjoe_overflow_surrounded_room,
          bh_walls_and_bars
D:9:      layout_loops_cross, marbit_many_paths,
          lemuel_mausoleum_altar_kikubaaqudgha
D:10:     layout_cave_pools, kennysheep_mini_moat, hellmonk_lair_entry_icy,
          kennysheep_path_1, minmay_misc_feat_five, bh_circular_ruins,
          uniq_maggie
D:11:     layout_rooms, uniq_grum
D:12:     layout_loops_ring, david_orc_3, serial_undead, serial_undead_f,
          serial_undead_f, serial_undead_c, serial_undead_f,
          ploomutoo_gammafunk_ghost_potion_laboratory
D:13:     layout_basic, drop_trap, nicolae_shop_gadgets
D:14:     minmay_box_of_curves, layout_irregular_city, david_vaults_2,
          chequers_serial_rivers_micro_d, minmay_stone_trees_small, uniq_lodul
D:15:     hangedman_depths_entry_try_elsewhere_first, layout_irregular_city,
          minivault_14, minmay_crystal_room, corexii_hall_statues_i
Temple:   zaba_magenta_temple
Lair:1:   layout_regular_city, nicolae_quartered_pool_little, uniq_amaemon
Lair:2:   layout_long_grid, nicolae_spider_entry_lesser_pyramids,
          hellmonk_ghost_happy_afterlife
Lair:3:   layout_long_grid, nicolae_shoals_entry_roost, uniq_rupert
Lair:4:   layout_loops_ring, minmay_slime_entry_pillars,
          maelrawn_ghost_gauntlet_escape, portal_ice_cave_rime,
          serial_bayou_pond_e
Lair:5:   gammafunk_lair_ancient_temple, layout_cave_pods
Shoals:1: layout_shoals, nicolae_shoals_spring_well_temple
Shoals:2: layout_shoals, serial_shops, nicolae_shop_waterfront, ldierk_geyser,
          nicolae_shoals_enchanted_isle, uniq_frances, uniq_mlioglotl
Shoals:3: layout_shoals, uniq_ilsuiw
Shoals:4: shoals_end_hangedman, layout_shoals, dpeg_stationary_puzzle
Spider:1: layout_cave_pods
Spider:2: layout_cave_pods, uniq_donald
Spider:3: layout_spider_delve, nicolae_spider_wall_of_niches
Spider:4: spider_rune_water, ebering_ghost_inner_flame, drop_trap,
          spiders_nest_hornet_nest
Slime:1:  layout_caves, nicolae_slime_phagocytosis
Slime:2:  layout_caves
Slime:3:  layout_caves
Slime:4:  layout_caves, cheibrodos_slime_lost_civilization_7
Slime:5
Orc:1:    layout_diamond_mine
Orc:2:    grunt_orc_cross, layout_diamond_mine, serial_shops, bzr_entry_road
Elf:1:    nicolae_elf_arrival_no_cutting_in_line, layout_gridlike, serial_shops,
          nicolae_square_shop, shop, nicolae_shop_statue_plus, basic_altar,
          serial_corexii_hall, chequers_hall_statues_wall_a,
          corexii_hall_statues_u, chequers_hall_statues_wall_a,
          corexii_hall_statues_l, corexii_hall_statues_l, corexii_hall_statues_s
Elf:2:    nicolae_elf_blades_splatter_lattice
          [nicolae_vaults_blade_armed_guards], layout_loops_cross, serial_shops,
          nicolae_shop_stone, minmay_shop_star
Elf:3:    minmay_elf_hall_not_hex, layout_geoelf_octagon, nicolae_wwwww,
          hex_intersection, uniq_zenata
Vaults:1: advil_vaults_ghost_guards, nicolae_vaults_cornered_office,
          vaults_mumra_hex, nicolae_vaults_storage_room_statues,
          nicolae_vaults_branching_niches, vaults_room_large_hall,
          v_alt_pattern_1, nicolae_vaults_diamond_1, vaults_mumra_hexcomb,
          nicolae_vaults_diamond_1, nicolae_vaults_double_plus_1,
          nicolae_vaults_trapezoid_2, ontoclasm_vaults_idyll,
          nicolae_vaults_diagonal_hallway_6, nicolae_vaults_heist,
          layout_vaults_omnibox, serial_shops, nicolae_square_shop
Vaults:2: nicolae_vaults_little_squares_1, nicolae_vaults_network_star,
          minmay_crypt_entry_skeletal_spiral, grunt_vaults_funnel,
          vaults_mumra_minichess, vaults_dpeg_encased_lava,
          nicolae_vaults_doubleplus_tesselated, vaults_room_hangedman_quadrants,
          v_misc_29, v_misc_2, nicolae_vaults_tetromino_L_1, vaults_dpeg_ring,
          layout_vaults_omnigrid, nicolae_trove_entry_crossroad, uniq_xtahua
Vaults:3: nicolae_vaults_specimen_jars, nicolae_vaults_angled_halls,
          nicolae_vaults_big_ls, ontoclasm_vaults_claustrophobia,
          nicolae_vaults_prndl, nicolae_vaults_trapezoid_1,
          hangedman_vaults_cutoff, v_misc_2, v_pattern_3,
          nicolae_vaults_taking_the_gang_shopping, ontoclasm_vaults_hangar,
          layout_vaults_maze_bifur
Vaults:4: nicolae_vaults_ring_of_whatevers, nicolae_vaults_back_hallway,
          nicolae_vaults_apartment_1, hangedman_vaults_snaps,
          ontoclasm_vaults_ring_large, hangedman_vaults_variations, st_diamondy,
          nicolae_vaults_tetromino_L_1, nicolae_vaults_tetromino_T_1,
          layout_vaults_chaotic_city
Vaults:5: uniq_bai_suzhen, uniq_sojobo
Crypt:1:  layout_misc_corridors, amcnicky_mini_rare_corridor_liquid,
          grunt_ministairs_10, chequers_big_river
Crypt:2:  layout_regular_city, st_stairs_6, moated_statue,
          nicolae_crypt_little_mausoleum, uniq_boris, uniq_josephina
Crypt:3:  lightli_unholy_cathedral, layout_chaotic_city,
          tomb_entry_simple_bobbens, mu_enter_wizlab_4, minivault_4,
          weyrava_ghost_lake, uniq_jory
Depths:1: layout_cave_pools, enter_ziggurat_b, hell_entry, abyss_entry,
          serial_shops, nicolae_shop_tiny_glass, roderic_lattice_a,
          nicolae_transporter_circle
Depths:2: lemuel_traditional_vault, layout_cave_shapes, abyss_entry, pan_entry,
          nicolae_hell_entry_hellmouth_sunbeams
Depths:3: evilmike_negative_zone, layout_basic, abyss_entry_flame_altar,
          pan_entry, pf_hell_entry_tar_spiral, minmay_staircase_windowed_small,
          minmay_pinched_square
Depths:4: grunt_zot_entry_alcove, layout_gridlike, hellmouth_1,
          minmay_misc_feat_columns, pan_entry, nicolae_twisting_strands,
          grunt_megastairs_3
Zot:1:    layout_misc_corridors
Zot:2:    gammafunk_the_bubble [the_bubble_gammafunk_crates],
          layout_misc_corridors
Zot:3:    layout_concentric_octagons
Zot:4:    gammafunk_dig_for_victory, layout_misc_corridors
Zot:5:    layout_gridlike

Skill      XL: |  1  2  3  4  5  6  7  8  9 10 11 12 13 14 15 16 17 18 19 20 21 22 23 24 25 26 27 |
---------------+----------------------------------------------------------------------------------+-----
Poison Magic   | 2 3 4 5 6 7 8 9 10 11 12 13 14 15 16 22 | 22.4
Spellcasting   | 5 6 7 8 9 10 11 12 13 14 15 16 17 18 25 | 25.3
Invocations    | 1 2 3 4 5 6 7 8 9 10 11 12 13 14 15 16 17 18 19 24 | 24.0
Fighting       | 1 2 3 5 6 7 8 9 10 11 12 13 14 15 16 17 18 22 | 22.2
Short Blades   | 1 2 3 5 6 7 8 9 10 11 12 13 14 15 16 17 18 22 | 22.2
Long Blades    | 1 2 3 5 6 7 8 9 10 11 12 13 14 15 16 17 18 22 | 22.2
Axes           | 1 2 3 5 6 7 8 9 10 11 12 13 14 15 16 17 18 22 | 22.2
Maces & Flails | 1 2 3 5 6 7 8 9 10 11 12 13 14 15 16 17 18 24 | 24.9
Polearms       | 1 2 3 5 6 7 8 9 10 11 12 13 14 15 16 17 18 22 | 22.2
Staves         | 1 2 3 5 6 7 8 9 10 11 12 13 14 15 16 17 18 22 | 22.2
Ranged Weapons | 1 2 3 5 6 7 8 9 10 11 12 13 14 15 16 17 18 22 | 22.2
Throwing       | 1 2 3 5 6 7 8 9 10 11 12 13 14 15 16 17 18 22 | 22.2
Armour         | 1 2 3 5 7 9 10 12 13 14 15 16 17 18 19 20 21 22 23 24 27 | 27.0
Stealth        | 1 2 3 5 6 7 8 9 10 11 12 13 14 15 16 17 18 22 | 22.2
Shields        | 1 2 3 5 6 7 8 9 10 11 12 13 14 15 16 17 18 22 | 22.2
Unarmed Combat | 1 2 3 5 6 7 8 9 10 11 12 13 14 15 16 17 18 22 | 22.2
Evocations     | 1 2 3 5 6 7 8 9 10 11 12 13 14 15 16 17 18 22 | 22.2
Conjurations   | 1 2 3 4 5 6 7 8 9 10 11 12 13 14 15 19 | 19.0
Hexes          | 1 2 3 4 5 6 7 8 9 10 11 12 13 14 15 16 17 18 24 | 24.0
Summonings     | 1 2 3 4 5 6 7 8 9 10 11 12 13 14 15 22 | 22.0
Necromancy     | 1 2 3 4 5 6 7 8 9 10 11 12 13 14 15 19 | 19.0
Translocations | 1 2 3 4 5 6 7 8 9 10 11 12 13 14 15 19 | 19.0
Fire Magic     | 1 2 3 4 5 6 7 8 9 10 11 12 13 14 15 19 | 19.0
Ice Magic      | 1 2 3 4 5 6 7 8 9 10 11 12 13 14 15 19 | 19.0
Air Magic      | 1 2 3 4 5 6 7 8 9 10 11 12 13 14 15 19 | 19.0
Earth Magic    | 1 2 3 4 5 6 7 8 9 10 11 12 13 14 15 19 | 19.0
Dodging        | 9 10 11 12 13 14 15 16 17 18 19 23 | 23.4
Transmutations | 6 7 8 9 10 11 12 13 14 15 16 19 | 19.7

Action                     |  1- 3 |  4- 6 |  7- 9 | 10-12 | 13-15 | 16-18 | 19-21 | 22-24 | 25-27 || total
---------------------------+-------+-------+-------+-------+-------+-------+-------+-------+-------++-------
  Melee: Spear             |    42 |     5 |       |       |       |       |       |       |       ||    47
         Bite              |     5 |     6 |    33 |    39 |    24 |    32 |    95 |   230 |   289 ||   753
         Halberd           |       |    73 |   297 |   241 |       |       |       |       |       ||   611
         Kick              |       |       |     9 |    25 |       |       |       |       |       ||    34
         Headbutt          |       |       |     5 |    15 |       |       |       |       |       ||    20
         Glaive            |       |       |       |    75 |    59 |       |       |       |       ||   134
         Morningstar       |       |       |       |       |    38 |       |       |       |       ||    38
         Trident           |       |       |       |       |   104 |   234 |       |       |       ||   338
         Punch             |       |       |       |       |     4 |       |       |       |       ||     4
         Demon trident     |       |       |       |       |       |    32 |   563 |  1204 |  1291 ||  3090
         Staff             |       |       |       |       |       |       |       |       |   216 ||   216
   Cast: Sting             |    79 |     3 |       |       |       |       |       |       |       ||    82
         Poisonous Vapours |       |    65 |   106 |   122 |   224 |   404 |   355 |   183 |    63 ||  1522
         Call Imp          |       |       |    39 |    23 |     6 |     1 |       |       |       ||    69
         Beastly Appendage |       |       |     8 |    12 |       |       |       |       |       ||    20
         Mephitic Cloud    |       |       |       |    11 |       |       |       |       |       ||    11
         Ozocubu's Armour  |       |       |       |     6 |       |     1 |       |       |       ||     7
         Leda's Liquefacti |       |       |       |     5 |       |       |       |       |       ||     5
         Borgnjor's Vile C |       |       |       |    25 |   111 |    76 |    47 |   118 |   387 ||   764
         Ignite Poison     |       |       |       |    23 |   127 |   260 |   218 |   106 |    40 ||   774
         Summon Lightning  |       |       |       |       |    24 |    27 |     3 |    12 |     3 ||    69
         Fireball          |       |       |       |       |    29 |    44 |    26 |    23 |    60 ||   182
         Passwall          |       |       |       |       |     2 |       |       |       |   260 ||   262
         Death Channel     |       |       |       |       |       |     5 |     2 |     1 |     4 ||    12
         Statue Form       |       |       |       |       |       |     2 |     9 |    79 |    22 ||   112
         Sublimation of Bl |       |       |       |       |       |     2 |     2 |     3 |   523 ||   530
         Dispersal         |       |       |       |       |       |     1 |    15 |    62 |     5 ||    83
         Blink             |       |       |       |       |       |     1 |     1 |     1 |     2 ||     5
         Ignition          |       |       |       |       |       |       |       |     4 |   201 ||   205
         Haunt             |       |       |       |       |       |       |       |       |   118 ||   118
         Iron Shot         |       |       |       |       |       |       |       |       |  1064 ||  1064
         Necromutation     |       |       |       |       |       |       |       |       |    82 ||    82
         Apportation       |       |       |       |       |       |       |       |       |    45 ||    45
         Dispel Undead     |       |       |       |       |       |       |       |       |    18 ||    18
         Passage of Golubr |       |       |       |       |       |       |       |       |     7 ||     7
         Vhi's Electric Ch |       |       |       |       |       |       |       |       |     7 ||     7
         Spellforged Servi |       |       |       |       |       |       |       |       |     6 ||     6
 Invoke: Slouch            |       |       |       |       |     7 |     3 |     6 |    16 |    32 ||    64
         Step From Time    |       |       |       |       |       |       |       |       |     5 ||     5
Ability: End Transformatio |       |       |       |       |       |       |     1 |       |    55 ||    56
  Evoke: Wand              |       |       |     4 |    11 |       |       |       |     1 |    12 ||    28
         Piece from Xom's  |       |       |       |     1 |       |       |       |       |       ||     1
    Use: Scroll            |       |     7 |    16 |    19 |     5 |    18 |     3 |    16 |    38 ||   122
         Potion            |       |       |       |     3 |     1 |     1 |       |     5 |    22 ||    32
   Stab: Sleeping          |     1 |       |     2 |     7 |       |     1 |    10 |    10 |     3 ||    34
         Invisible         |       |       |     2 |       |       |       |       |       |       ||     2
         Distracted        |       |       |       |     1 |     1 |     5 |     3 |     9 |    15 ||    34
         Paralysed         |       |       |       |     5 |       |       |       |       |       ||     5
         Held in net/web   |       |       |       |       |       |     1 |       |       |       ||     1
         Confused          |       |       |       |       |       |       |       |     5 |       ||     5
         Petrifying        |       |       |       |       |       |       |       |       |     2 ||     2
 Armour: Robe              |    10 |    14 |     7 |       |       |       |       |       |       ||    31
         Ring mail         |    13 |       |    19 |       |       |       |       |       |       ||    32
         Leather armour    |       |       |     9 |       |       |       |       |       |       ||     9
         Steam dragon scal |       |       |       |    36 |       |       |       |       |       ||    36
         Swamp dragon scal |       |       |       |   107 |    70 |   106 |    61 |    37 |   212 ||   593
         Plate armour      |       |       |       |       |    12 |     2 |       |       |    18 ||    32
         Skin              |       |       |       |       |       |     4 |     7 |   115 |    39 ||   165
  Dodge: Dodged            |    55 |    66 |   343 |   517 |   312 |   391 |   295 |   662 |  1394 ||  4035
  Block: Other             |       |     8 |    87 |   132 |    41 |       |       |       |       ||   268
         Reflection        |       |     1 |     4 |    14 |    14 |    47 |    49 |    58 |    62 ||   249
         Kite shield       |       |       |       |       |   158 |   538 |   448 |  1122 |  1708 ||  3974
